 Dungeon Crawl Stone Soup version 0.27-a0-13-g87abb2d9eb (webtiles) character file.

Game seed: 12338750409436449568

1969949 IEatYoBabies the Grim Reaper (level 27, 264/286 HPs)
             Began as an Octopode Venom Mage on Dec 12, 2020.
             Was the Champion of Yredelemnul.
             Escaped with the Orb
             ... and 4 runes on Jan 2, 2021!
             The game lasted 08:22:49 (101407 turns).

IEatYoBabies the Grim Reaper (OpVM)               Turns: 101407, Time: 08:22:50

Health: 264/286    AC: 16    Str: 28    XL:     27
Magic:  41/47      EV: 25    Int: 30    God:    Yredelemnul [******]
Gold:   9269       SH:  0    Dex: 18    Spells: 18/58 levels left

rFire    + + +     SeeInvis .     - Unarmed
rCold    + . .     Faith    .   (shield currently unavailable)
rNeg     . . .     Spirit   .   (helmet currently unavailable)
rPois    +         Reflect  .   y - amulet of Buirghez {Regen+ Str+9}
rElec    +         Harm     .   Q - ring of Huxkel {rElec rC+ Will+ Str-3 Dex+4}
rCorr    +         Rampage  .   q - +4 ring of evasion
Will     ++++.     Rnd*Rage +   c - ring of resist corrosion
Stlth    ++........             F - ring of protection from fire
HPRegen  0.97/turn              S - ring of Ephemeral Luck {rPois Int+6}
MPRegen  0.30/turn              J - +4 ring of evasion
                                r - ring of magical power
                                s - ring of protection from cold

@: dragon-form, flying
A: giant, almost no armour, stealthy swim, amphibious, 8 rings, (constrict 8),
berserk 1, low mp 1, strong-willed 1, sense surroundings 1, subdued magic 1
0: Orb of Zot
}: 4/15 runes: barnacled, slimy, abyssal, gossamer
a: Breathe Fire, Stop Flying, End Transformation, Renounce Religion, Recall
Undead Slaves, Injury Mirror, Animate Dead, Drain Life, Enslave Soul


You escaped.
You worshipped Yredelemnul.
Yredelemnul was exalted by your worship.
You were a fearsome dragon!
You visited 13 branches of the dungeon, and saw 58 of its levels.
You visited the Abyss 53 times.
You visited 1 ziggurat, and saw 6 of its levels.
You also visited: Ice Cave.

You collected 11947 gold pieces.
You spent 2678 gold pieces at shops.

Inventory:

Hand Weapons
 R - the +7 trident "Kyot" (melded) {vorpal, rElec}
   (You bought it in a shop on level 13 of the Dungeon)

   It inflicts extra damage upon your enemies.
   It insulates you from electricity.
Missiles
 e - 10 curare-tipped darts (quivered)
 h - 12 boomerangs of dispersal
 l - 13 throwing nets
Armour
 G - a +8 tower shield of reflection (melded)
 I - the +3 crown of Dyrovepreva (melded) {rElec Int+2 SInv}
   (You bought it in a shop on level 12 of the Dungeon)

   It affects your intelligence (+2).
   It insulates you from electricity.
   It lets you see invisible.
Jewellery
 c - a ring of resist corrosion (on tentacle)
 q - a +4 ring of evasion (right foreclaw)
 r - a ring of magical power (on tentacle)
 s - a ring of protection from cold (on tentacle)
 y - the amulet of Buirghez (around neck) {Regen+ Str+9}
   (You took it off a tengu warrior on level 4 of the Depths)

   [amulet of regeneration]

   It affects your strength (+9).
   It increases your rate of regeneration.
 F - a ring of protection from fire (on tentacle)
 J - a +4 ring of evasion (on tentacle)
 Q - the ring of Huxkel (left foreclaw) {rElec rC+ Will+ Str-3 Dex+4}
   (You found it on level 1 of the Abyss)

   [ring of protection from cold]

   It affects your strength (-3).
   It affects your dexterity (+4).
   It protects you from cold.
   It insulates you from electricity.
   It affects your willpower, your defense against some magical effects.
 S - the ring of Ephemeral Luck (on tentacle) {rPois Int+6}
   (You found it on level 1 of the Abyss)

   [ring of intelligence]

   It affects your intelligence (+6).
   It protects you from poison.
Wands
 j - a wand of digging (7)
 B - a wand of enslavement (36)
 O - a wand of acid (51)
 W - a wand of iceblast (50)
Scrolls
 b - 22 scrolls of teleportation
 d - 11 scrolls of fog
 g - 37 scrolls of remove curse
 i - 14 scrolls of immolation
 t - 30 scrolls of identify
 u - 4 scrolls of blinking
 x - 13 scrolls of fear
 A - 2 scrolls of amnesia
 H - a scroll of vulnerability
 U - 4 scrolls of torment
 V - 3 scrolls of silence
 X - a scroll of magic mapping
Potions
 f - 12 potions of curing
 k - 2 potions of heal wounds
 m - 5 potions of haste
 n - a potion of flight
 o - 7 potions of resistance
 p - a potion of mutation
 v - 4 potions of invisibility
 D - 8 potions of cancellation
 E - 8 potions of lignification
 K - 11 potions of brilliance
 T - 2 potions of might
 Y - 4 potions of magic
Miscellaneous
 a - a tin of tremorstones (1/2)
 z - a phantom mirror
 C - a box of beasts
 L - a phial of floods
 N - a condenser vane
 P - a lightning rod (4/4)
 Z - the horn of Geryon


   Skills:
 - Level 16.7 Fighting
 - Level 3.5 Short Blades
 - Level 15.1 Polearms
 - Level 3.5 Throwing
 - Level 18.0 Dodging
 - Level 13.3 Stealth
 - Level 19.1 Shields
 * Level 14.5 Unarmed Combat
 - Level 16.1 Spellcasting
 - Level 6.1 Conjurations
 - Level 4.0 Hexes
 - Level 9.2 Summonings
 - Level 4.0 Translocations
 * Level 15.4 Transmutations
 - Level 5.0 Fire Magic
 - Level 0.3 Ice Magic
 - Level 7.0 Air Magic
 - Level 0.7 Earth Magic
 - Level 15.6 Poison Magic
 - Level 20.1 Invocations
 - Level 14.4 Evocations


You had 18 spell levels left.
You knew the following spells:

 Your Spells              Type           Power        Failure   Level
a - Blink                 Tloc           N/A          1%          2
b - Wereblood             Tmut           74%          0%          2
c - Mephitic Cloud        Conj/Pois/Air  58%          1%          3
d - Olgreb's Toxic Radia  Pois           74%          0%          4
e - Ignite Poison         Fire/Tmut/Pois 65%          1%          3
f - Irradiate             Conj/Tmut      31%          1%          5
g - Summon Lightning Spi  Summ/Air       54%          1%          4
h - Passwall              Tmut/Erth      45%          1%          2
i - Dragon Form           Tmut           37%          1%          7
j - Summon Mana Viper     Hex/Summ       49%          2%          5
k - Ozocubu's Armour      Ice            20%          3%          3

Your spell library contained the following spells:

 Spells                   Type           Power        Failure   Level
 Beastly Appendage        Tmut           100%         0%          1
 Sting                    Tmut/Pois      100%         0%          1
 Poisonous Vapours        Pois/Air       100%         0%          2
 Spider Form              Tmut/Pois      37%          0%          3
 Animate Skeleton         Necr           36%          1%          1
 Apportation              Tloc           74%          1%          1
 Corona                   Hex            41%          1%          1
 Foxfire                  Conj/Fire      100%         1%          1
 Freeze                   Ice            80%          1%          1
 Magic Dart               Conj           100%         1%          1
 Pain                     Necr           72%          1%          1
 Sandblast                Erth           44%          1%          1
 Shock                    Conj/Air       100%         1%          1
 Summon Small Mammal      Summ           100%         1%          1
 Call Imp                 Summ           57%          1%          2
 Corpse Rot               Necr/Air       N/A          1%          2
 Ensorcelled Hibernation  Hex/Ice        56%          1%          2
 Slow                     Hex            37%          1%          2
 Sublimation of Blood     Necr           9%           1%          2
 Swiftness                Air            50%          1%          2
 Call Canine Familiar     Summ           57%          1%          3
 Confusing Touch          Hex            37%          1%          3
 Conjure Flame            Conj/Fire      44%          1%          3
 Dazzling Flash           Conj/Hex       84%          1%          3
 Gell's Gravitas          Tloc           18%          1%          3
 Inner Flame              Hex/Fire       39%          1%          3
 Lesser Beckoning         Tloc           18%          1%          3
 Portal Projectile        Hex/Tloc       74%          1%          3
 Static Discharge         Conj/Air       49%          1%          3
 Stone Arrow              Conj/Erth      68%          1%          3
 Summon Guardian Golem    Hex/Summ       49%          1%          3
 Teleport Other           Tloc           37%          1%          3
 Airstrike                Air            25%          1%          4
 Ice Form                 Ice/Tmut       53%          1%          4
 Iskenderun's Mystic Bla  Conj/Tloc      42%          1%          4
 Petrify                  Tmut/Erth      54%          1%          4
 Sticky Flame             Conj/Fire      44%          1%          4
 Summon Ice Beast         Ice/Summ       40%          1%          4
 Alistair's Intoxication  Tmut/Pois      49%          1%          5
 Blade Hands              Tmut           37%          1%          5
 Summon Demon             Summ           28%          1%          5
 Yara's Violent Unravell  Hex/Tmut       29%          1%          5
 Eringya's Noxious Bog    Tmut/Pois      37%          1%          6
 Hydra Form               Tmut           37%          1%          6
 Cause Fear               Hex            18%          2%          4
 Passage of Golubria      Tloc           N/A          2%          4
 Lightning Bolt           Conj/Air       24%          2%          5
 Summon Forest            Summ/Tloc      24%          2%          5
 Frozen Ramparts          Ice            40%          3%          3
 Hailstorm                Conj/Ice       33%          3%          4
 Iskenderun's Battlesphe  Conj           47%          3%          5
 Vampiric Draining        Necr           9%           4%          3
 Fireball                 Conj/Fire      22%          4%          5
 Silence                  Hex/Air        22%          4%          5
 Shadow Creatures         Summ           N/A          4%          6
 Leda's Liquefaction      Hex/Erth       14%          5%          4
 Bolt of Magma            Conj/Fire/Erth 18%          8%          5
 Statue Form              Tmut/Erth      36%          9%          6
 Animate Dead             Necr           9%           16%         4
 Conjure Ball Lightning   Conj/Air       24%          16%         6
 Metabolic Englaciation   Hex/Ice        14%          19%         5
 Summon Hydra             Summ           28%          30%         7
 Lee's Rapid Deconstruct  Erth           11%          32%         5
 Borgnjor's Vile Clutch   Necr/Erth      10%          36%         5
 Freezing Cloud           Conj/Ice/Air   19%          36%         6
 Agony                    Necr           18%          41%         5
 Dispersal                Tloc           18%          45%         6
 Spellforged Servitor     Conj/Summ      26%          50%         7
 Iron Shot                Conj/Erth      17%          52%         6
 Malign Gateway           Summ/Tloc      24%          67%         7
 Ozocubu's Refrigeration  Ice            10%          92%         6
 Simulacrum               Ice/Necr       9%           94%         6
 Death Channel            Necr           9%           95%         6
 Chain Lightning          Conj/Air       24%          100%        8
 Discord                  Hex            18%          100%        8
 Lehudib's Crystal Spear  Conj/Erth      17%          100%        8
 Absolute Zero            Ice            10%          100%        9
 Dragon's Call            Summ           28%          100%        9
 Fire Storm               Conj/Fire      22%          100%        9
 Shatter                  Erth           11%          100%        9
 Tornado                  Air            25%          100%        9


Dungeon Overview and Level Annotations

Branches:
Dungeon (15/15) Temple (1/1) D:4 Lair (6/6) D:11 Shoals (4/4) Lair:3 Spider (4/4) Lair:2 Spider:1 Slime (5/5) Lair:6 Orc (2/2) D:12 Elf (3/3) Orc:2 Vaults (4/5) D:13 Crypt (3/3) Vaults:2 Tomb (0/3) Crypt:3 Depths (5/5) D:15 Hell (visited) Dis (0/7) Hell Geh (0/7) Hell Coc (0/7) Hell Tar (0/7) Hell Zot (5/5) Depths:5 IceCv (visited)

Altars:
Ashenzari
Cheibriados
Dithmenos
Elyvilon
Fedhas
Gozag
Hepliaklqana
Kikubaaqudgha
Makhleb
Nemelex Xobeh
Okawaru
Qazlal
Ru
Sif Muna
Trog
Uskayaw
Vehumet
Wu Jian
Xom
Yredelemnul
Zin
The Shining One
Beogh
Jiyva
Lugonu

Shops:
D:12 [   D:13 (   Orc:1 *   Orc:2 :*[(   Vaults:3 }   Zot:5 *

Portals:
Hell: Depths:1 Depths:2 Depths:3 Depths:4 Depths:5
Abyss: Depths:4
Pandemonium: Depths:3


Innate Abilities, Weirdness & Mutations

You cannot wear most types of armour.
You are very stealthy in the water. (Stealth+)
You are amphibious.
You can wear up to eight rings at the same time.
((You can use your tentacles to constrict eight enemies at once.))
((Your skin changes colour to match your surroundings (Stealth+).))
((Your rubbery body absorbs attacks. (AC +1, EV +1)))
((You are partially covered in slimy green scales. (AC +2)))
You tend to lose your temper in combat.
Your magical capacity is low. (-10% MP)
You are strong-willed. (Will+)
You passively map a small area around you.
((You are covered in fur. (AC +1)))
((You are resistant to electric shocks. (rElec)))
Your spells are a little easier to cast, but a little less powerful.


Message History

Yredelemnul accepts your kill.
Yredelemnul appreciates your killing of a holy being.
The angel dissolves into sparkling lights!
The cherub dissolves into sparkling lights!
The angel dissolves into sparkling lights!
The daeva dissolves into sparkling lights!
The angel barely misses you. The angel hits you but does no damage.
Unknown command.
You maul the angel!!!
The angel is heavily wounded.
The angel hits you with a +2 sacred scourge of holy wrath!
The angel hits you with a +2 sacred scourge of holy wrath.
You maul the angel!!!!
You kill the angel!
Yredelemnul accepts your kill.
Yredelemnul appreciates your killing of a holy being.
There is an open door here.
There is a large open door here.
There is a staircase leading out of the dungeon here.
You have escaped!

###''###
###≈§..≈≈###
##≈≈≈≈..≈≈§≈##
#≈≈≈#§..≈#≈≈≈#
#§§≈≈≈..≈§≈≈≈##
#§§≈§§≈..≈§≈≈≈≈#
#§§§§≈#..#§§≈≈≈#
#≈≈#≈§#..#§≈#≈§#
#§§≈≈≈#>D#≈≈§≈≈#
§§§≈≈####≈≈≈≈≈*
≈§§ ≈≈≈≈# §§ ≈
≈≈## ≈ ≈ ≈ *


There were no monsters in sight!

Vanquished Creatures
  the Royal Jelly (Slime:5)
  A seraph (D:1)
  5 orbs of fire
  5 ancient liches
  5 Killer Klowns (Zot:5)
  Bai Suzhen (Elf:3)
  The ghost of Osiadgh the Bludgeoner, a legendary GnFi of Cheibriados (Zot:4)
  A curse toe (Zot:4)
  A caustic shrike (Depths:5)
  the Enchantress (Depths:1)
  8 golden dragons
  8 bone dragons
  2 profane servitors
  2 liches (Abyss:1)
  A Brimstone Fiend (D:15)
  2 electric golems
  Rupert (D:12)
  A Hell Sentinel (Abyss:1)
  19 Orb Guardians (Zot:5)
  17 tentacled monstrosities
  6 quicksilver dragons
  10 acid blobs
  A deep elf master archer (Elf:3)
  A kraken (Shoals:1)
  25 tentacled starspawn
  4 sphinxes
  7 shadow dragons
  7 death cobs
  A warmonger (Depths:3)
  2 tengu reavers
  2 azure jellies (Slime:5)
  4 draconian monks
  2 iron dragons
  A fire giant (Depths:4)
  14 storm dragons
  A blood saint (D:8)
  6 draconian scorchers
  4 vault wardens
  2 deep elf sorcerers
  5 draconian knights
  3 frost giants
  6 draconian shifters
  5 ghost moths
  4 draconian annihilators
  7 deep elf elementalists (Elf:3)
  An angel (D:1)
  4 spriggan defenders
  A reaper (Crypt:3)
  3 draconian stormcallers
  A vampire knight (Depths:3)
  5 ironheart preservers
  3 deep elf demonologists
  20 very ugly things
  5 stone giants
  6 deep elf annihilators
  7 green draconians
  4 lorocyprocas
  9 black draconians
  11 white draconians
  2 spark wasps (Depths:3)
  8 purple draconians
  12 red draconians
  7 yellow draconians
  2 entropy weavers
  3 ettins
  5 blizzard demons
  4 eidola
  A green death (Abyss:1)
  A merfolk javelineer (Shoals:2)
  6 death oozes (Slime:5)
  A jiangshi (Crypt:1)
  2 deep elf death magi (Elf:3)
  A fire dragon (Zig:4)
  4 ogre magi
  4 merfolk impalers
  A mummy priest (Zig:5)
  4 deep elf high priests (Elf:3)
  5 hydras
  A quicksilver dragon skeleton (Hell)
  A naga warrior (Abyss:1)
  4 vault guards
  7 yaktaur captains
  Harold (Orc:1)
  3 rakshasas (Abyss:1)
  4 ice dragons
  5 great orbs of eyes
  4 spriggan air magi
  4 boulder beetles
  An anaconda (Zig:2)
  3 catoblepae
  An alligator (Shoals:1)
  9 centaur warriors
  21 two-headed ogres
  4 merfolk aquamancers
  6 dancing weapons
  2 alligator snapping turtles
  2 merfolk avatars
  5 death yaks
  3 satyrs
  6 deep troll shamans
  5 hell hogs
  2 vampire magi
  8 deep troll earth magi
  4 spriggan berserkers
  3 orc high priests (Orc:2)
  Urug (D:12)
  21 thrashing horrors
  5 deep elf knights
  3 sun demons
  Nergalle (Lair:2)
  An iron troll (Depths:4)
  2 hell knights
  3 sea snakes
  4 soul eaters
  12 wretched stars
  2 skeletal warriors
  A death drake (Depths:5)
  2 titan skeletons
  4 spatial maelstroms
  A golden dragon zombie (Hell)
  4 sixfirhies
  14 deep trolls
  5 unseen horrors
  2 anaconda zombies (Hell)
  2 glowing orange brains
  A tengu zombie (Hell)
  A golden dragon skeleton (Abyss:1)
  A kraken simulacrum (Hell)
  A flayed ghost (Abyss:1)
  3 orange crystal statues (D:10)
  2 deep elf archers
  A phantasmal warrior (Crypt:2)
  A lindwurm (shapeshifter) (Abyss:1)
  2 lindwurms
  2 anaconda skeletons (Hell)
  3 harpies
  32 ugly things
  10 necromancers
  5 ironbrand convokers
  8 orb spiders
  27 deep elf magi
  2 wizards
  6 orc knights
  16 fauns
  2 stone giant zombies
  6 orc sorcerers
  4 shining eyes
  7 wolf spiders
  7 manticores
  4 oklob plants (Lair:2)
  4 cyclopes
  An orb spider (shapeshifter) (Vaults:3)
  44 large abominations
  5 merfolk sirens
  20 moths of wrath
  5 worldbinders
  4 apocalypse crabs
  4 black mambas
  A frost giant skeleton (Hell)
  4 vault sentinels
  6 elephants
  6 water nymphs
  2 rust devils
  11 smoke demons (Abyss:1)
  An eye of devastation (Slime:2)
  A water nymph (shapeshifter) (Depths:2)
  An ice statue (IceCv)
  9 cane toads
  An emperor scorpion zombie (Hell)
  3 torpor snails (Lair:6)
  2 kobold demonologists
  A yaktaur zombie (Hell)
  2 nameless horrors
  57 yaktaurs
  4 freezing wraiths
  3 orange demons
  5 rime drakes
  A rime drake (shapeshifter) (Abyss:1)
  3 efreet
  7 komodo dragons
  3 demonic crawlers
  7 ice devils
  3 tormentors
  A silent spectre (Abyss:1)
  A red devil (Hell)
  4 hellwings
  A tengu conjurer (Depths:1)
  8 ancient zymes
  An elf skeleton (Depths:4)
  A meliai (shapeshifter) (Vaults:1)
  2 meliai (Spider:3)
  A queen bee (shapeshifter) (Depths:3)
  4 trolls
  14 merfolk
  A queen bee (Spider:3)
  A tyrant leech (Lair:6)
  16 blink frogs
  19 jumping spiders
  A merfolk (shapeshifter) (D:15)
  2 hydra zombies (Hell)
  Prince Ribbit (D:8)
  43 raiju
  12 hornets
  16 polar bears
  A blink frog (shapeshifter) (Abyss:1)
  13 slime creatures
  5 wind drakes
  A jumping spider zombie (Spider:4)
  2 snapping turtles
  A fire giant simulacrum (Abyss:1)
  8 dream sheep
  A raiju (shapeshifter) (Abyss:1)
  6 flying skulls
  A fire dragon zombie (Hell)
  29 redbacks
  4 water elementals
  3 spriggans
  An air elemental (Elf:2)
  10 tarantellas
  6 wyverns
  A shadow (D:12)
  An ushabti (Zig:5)
  An alligator skeleton (Crypt:3)
  An ettin skeleton (Crypt:3)
  Eustachio (D:5)
  2 vampires
  17 ynoxinuls
  5 wraiths
  59 yaks
  6 basilisks
  11 golden eyes (Abyss:1)
  A golden eye (shapeshifter) (Depths:4)
  30 small abominations
  9 fire elementals
  A black mamba skeleton (Abyss:1)
  7 chaos spawn (Abyss:1)
  3 vampire mosquitoes
  3 neqoxecs (Abyss:1)
  A soldier ant (shapeshifter) (Vaults:1)
  A naga (Abyss:1)
  4 spatial vortices
  2 acid dragons
  10 water moccasins
  8 hell hounds
  An insubstantial wisp (Abyss:2)
  2 soldier ants
  A hydra simulacrum (Abyss:1)
  A monstrous demonspawn skeleton (Crypt:2)
  9 ice beasts
  30 orc warriors
  6 sky beasts
  2 phantoms
  A black bear (Lair:3)
  An ettin simulacrum (Abyss:1)
  2 hornet zombies (Spider:4)
  An ice dragon simulacrum (Hell)
  A fire dragon simulacrum (Hell)
  7 eyes of draining
  A necrophage (D:9)
  32 wolves
  A snapping turtle skeleton (Crypt:3)
  27 ogres
  2 boggarts
  35 centaurs
  A swamp dragon zombie (Crypt:1)
  4 big kobolds
  An earth elemental (Abyss:1)
  8 bullfrogs
  3 wyvern skeletons (Crypt:3)
  8 scorpions
  14 killer bees
  3 electric eels
  8 wights
  A howler monkey (D:9)
  A spriggan skeleton (Abyss:1)
  A vampire bat (D:5)
  A bullfrog zombie (D:12)
  A crimson imp (Depths:3)
  7 quasits (Abyss:1)
  48 starcursed masses
  24 orc priests
  2 centaur skeletons (D:4)
  8 hounds
  A bullfrog skeleton (D:8)
  A human zombie (Crypt:3)
  9 iron imps
  5 iguanas
  26 orc wizards
  11 worker ants
  3 killer bee zombies
  A death yak zombie (Lair:6)
  A felid zombie (Crypt:1)
  3 hound zombies
  A hound skeleton (D:7)
  A mummy (Zig:5)
  A worker ant zombie (D:5)
  15 adders
  7 gnolls
  2 shadow imps
  12 white imps
  2 oozes (D:1)
  11 ufetubi
  2 wolf zombies (Lair:3)
  2 adder zombies
  A lava snake skeleton (Crypt:1)
  2 worms
  The ghost of BioHzzd the Sneak, a weakling DgDe (D:5)
  5 dart slugs
  5 fire bats
  8 leopard geckos
  104 orcs
  2 spectral bats (D:5)
  14 bats
  4 bat skeletons
  2 bat zombies
  6 giant cockroaches
  5 goblins
  3 hobgoblins
  17 jackals
  16 kobolds
  10 quokkas
  2 ball pythons (D:4)
  A ball python skeleton (D:4)
  A bat simulacrum (D:5)
  A centaur zombie (D:15)
  4 frilled lizards
  A gnoll zombie (D:9)
  A hobgoblin skeleton (Crypt:1)
  A jackal zombie (D:5)
  A kobold zombie (Crypt:3)
  A leopard gecko skeleton (D:4)
  An orc zombie (D:10)
  5 rats
  A wyvern zombie (Lair:3)
  14 starspawn tentacles
  A tentacle (Shoals:1)
2052 creatures vanquished.

Vanquished Creatures (collateral kills)
  An ancient lich (Crypt:3)
  2 juggernauts (Depths:4)
  Sojobo (Depths:1)
  Saint Roka (Crypt:3)
  2 Killer Klowns (Zot:5)
  3 caustic shrikes (Depths:5)
  Nikola (Depths:1)
  Geryon (Hell)
  3 golden dragons
  3 bone dragons (Abyss:1)
  3 electric golems
  2 hellephants
  6 tentacled monstrosities
  Jorgrun (D:14)
  3 deep elf blademasters
  3 quicksilver dragons
  6 Orb Guardians (Zot:5)
  16 acid blobs
  2 titans
  Murray (Depths:5)
  6 liches
  2 ancient champions (Crypt:2)
  Gastronok (D:9)
  A sphinx (Vaults:2)
  3 death cobs
  9 tentacled starspawn
  An eldritch tentacle (Spider:2)
  3 storm dragons
  2 shadow dragons
  2 tengu reavers
  4 revenants
  Roxanne (D:14)
  5 draconian monks
  A draconian knight (Zot:4)
  A fire giant (Vaults:1)
  5 azure jellies
  An orc warlord (Orc:2)
  3 iron dragons
  5 vault wardens
  A draconian scorcher (Zot:1)
  3 draconian shifters
  7 frost giants
  2 cacodemons (Hell)
  6 deep elf sorcerers
  4 emperor scorpions (Spider:4)
  A ghost moth (Spider:4)
  2 curse skulls (Crypt:1)
  2 caustic shrike zombies
  2 deep elf elementalists (Elf:3)
  A juggernaut zombie (Depths:3)
  2 balrugs
  6 reapers
  6 ironheart preservers
  6 ghouls (Crypt:2)
  A draconian annihilator (Zot:4)
  13 stone giants
  31 very ugly things
  2 bennus (Zig:5)
  2 war gargoyles
  5 vampire knights
  9 green draconians
  A deep elf demonologist (Elf:3)
  The ghost of kazak the Unseen, a journeyman SpBe of Trog (Spider:2)
  5 entropy weavers
  2 red draconians
  4 black draconians (Depths:5)
  Azrael (Elf:1)
  A purple draconian (Zot:5)
  3 yellow draconians
  5 white draconians
  9 spark wasps
  4 deep elf annihilators (Elf:3)
  2 merfolk javelineers
  7 eidola (Crypt:3)
  A mummy priest (Crypt:3)
  3 death oozes
  8 fire dragons
  4 ettins
  3 merfolk impalers
  9 deep elf death magi
  11 rakshasas
  11 great orbs of eyes
  8 jiangshi
  2 yaktaur captains (Vaults:1)
  2 deep elf high priests
  11 ice dragons
  A naga warrior (Abyss:1)
  A hell beast (Depths:5)
  A hydra (shapeshifter) (Abyss:1)
  5 vault guards (Vaults:1)
  4 boulder beetles
  4 hydras
  2 merfolk avatars (Shoals:2)
  2 death knights
  5 centaur warriors
  2 spriggan air magi
  2 merfolk aquamancers (Shoals:1)
  16 two-headed ogres
  5 deep troll earth magi
  7 death yaks
  A queen ant (Spider:1)
  8 death scarabs (Spider:4)
  21 dancing weapons
  3 deep troll shamans
  9 hell hogs
  10 ogre magi
  7 tengu warriors
  19 large abominations
  5 vampire magi
  A naga sharpshooter (Zig:2)
  2 titan zombies
  A spriggan berserker (Depths:5)
  An orc high priest (Elf:2)
  8 soul eaters
  2 iron golems (Depths:5)
  5 thrashing horrors
  4 sun demons
  4 wretched stars (Abyss:1)
  30 slime creatures
  7 iron trolls
  A spectral emperor scorpion (Spider:4)
  13 deep elf knights
  2 anaconda zombies
  4 sixfirhies
  18 skeletal warriors
  3 death drakes (Depths:5)
  24 small abominations
  A shadow demon (Spider:2)
  2 glowing orange brains
  7 sea snakes
  4 shadow wraiths
  9 deep trolls
  5 flayed ghosts
  11 hell knights
  A bog body (Crypt:2)
  An orange crystal statue (D:10)
  A golden dragon zombie (Crypt:3)
  3 deep elf archers
  An entropy weaver zombie (Crypt:1)
  5 wizards
  2 shadow dragon zombies
  17 starcursed masses
  5 ironbrand convokers
  11 phantasmal warriors
  5 lindwurms (Depths:5)
  2 orc knights
  An obsidian statue (Vaults:3)
  A golden dragon skeleton (Depths:4)
  2 spectral wolf spiders (Spider:4)
  A wolf spider zombie (Spider:4)
  10 necromancers
  An anaconda skeleton (Crypt:3)
  24 harpies
  7 orb spiders
  A cyclops (Vaults:2)
  29 deep elf magi
  3 shadow dragon skeletons
  2 shining eyes (Slime:1)
  35 ugly things
  2 worldbinders
  5 stone giant zombies
  2 manticores
  10 fauns
  2 fire giant zombies
  3 orc sorcerers
  A salamander (shapeshifter) (Vaults:4)
  20 wolf spiders
  A salamander (Depths:2)
  6 merfolk sirens
  2 fire giant skeletons
  A moth of wrath (shapeshifter) (D:15)
  2 eyes of devastation
  A black mamba (Lair:6)
  2 guardian serpents (Abyss:1)
  4 moths of wrath
  A shock serpent zombie (Crypt:3)
  2 frost giant skeletons (Crypt:3)
  A dire elephant zombie (Crypt:3)
  3 water nymphs
  3 vault sentinels
  8 rust devils
  3 apocalypse crabs
  6 centaur skeletons
  A cane toad (shapeshifter) (Vaults:2)
  4 orange demons
  12 smoke demons
  An ice statue (Hell)
  3 torpor snails (Lair:6)
  5 spectral swamp worms (Depths:4)
  A spriggan zombie (Depths:1)
  A rime drake (Lair:6)
  3 cane toads
  10 demonic crawlers
  3 dire elephant skeletons
  2 komodo dragons
  14 yaktaurs
  An elf zombie (Depths:3)
  A rime drake (shapeshifter) (Elf:1)
  11 freezing wraiths
  3 spectral redbacks (Spider:4)
  3 efreet (Abyss:1)
  A white draconian skeleton (Crypt:2)
  15 hellwings
  4 guardian mummies (Zig:5)
  2 tengu conjurers
  2 red devils (Hell)
  A spark wasp simulacrum (Depths:4)
  An elf skeleton (Depths:4)
  A ghost moth simulacrum (Hell)
  14 merfolk
  A meliai (Spider:3)
  3 ice devils (Hell)
  2 polar bears (IceCv)
  4 ancient zymes
  3 trolls
  2 wind drakes
  A wind drake (shapeshifter) (Depths:3)
  3 spectral tarantellas (Spider:4)
  A tengu simulacrum (Vaults:2)
  3 tyrant leeches (Lair:6)
  5 hornets
  2 hydra skeletons (Crypt:3)
  A raiju (shapeshifter) (Abyss:1)
  3 ettin zombies
  A hornet (shapeshifter) (Elf:2)
  8 blink frogs
  7 spectral jumping spiders (Spider:4)
  A sphinx simulacrum (Vaults:3)
  25 jumping spiders
  A meliai zombie (D:15)
  8 raiju
  2 tarantella zombies (Spider:4)
  An alligator zombie (Hell)
  2 ice dragon zombies (Crypt:3)
  A dream sheep (Lair:6)
  3 snapping turtles
  A stone giant simulacrum (Crypt:1)
  7 flying skulls
  A spriggan (Depths:5)
  6 yaks
  A fire dragon skeleton (Abyss:1)
  38 redbacks
  23 water elementals
  23 fire elementals
  7 wraiths
  An elf simulacrum (Depths:5)
  3 wyverns
  A shadow (Abyss:1)
  4 vampires
  19 tarantellas
  A ynoxinul (Abyss:1)
  An ushabti (Crypt:3)
  3 neqoxecs (Abyss:1)
  A steam dragon (Zig:4)
  A golden eye (Abyss:1)
  2 vampire mosquitoes
  3 basilisks
  3 chaos spawn (Abyss:1)
  A spriggan simulacrum (Depths:1)
  A warg (Vaults:1)
  3 soldier ants (Spider:1)
  2 nagas (Abyss:1)
  A water moccasin (shapeshifter) (Depths:1)
  A faun skeleton (Crypt:2)
  A floating eye (shapeshifter) (Depths:3)
  7 water moccasins
  3 hell hounds
  A spectral hornet (Spider:4)
  3 ice beasts
  A hornet zombie (Spider:4)
  2 swamp drakes (Depths:5)
  10 orc warriors
  A necrophage (Crypt:2)
  2 cane toad skeletons
  A sky beast (D:10)
  2 snapping turtle zombies
  16 ogres
  2 ettin simulacra
  2 swamp dragon zombies (Crypt:3)
  A manticore zombie (Abyss:1)
  4 wolves
  12 centaurs
  A swamp dragon skeleton (Crypt:3)
  2 big kobolds (D:13)
  A snapping turtle skeleton (Abyss:2)
  A big kobold (shapeshifter) (Depths:3)
  2 bullfrogs
  A glowing shapeshifter simulacrum (Vaults:2)
  4 wyvern skeletons (Crypt:3)
  2 human simulacra (Vaults:1)
  A manticore simulacrum (Crypt:1)
  A tengu zombie (Hell)
  8 killer bees
  11 wights
  An electric eel (D:11)
  2 howler monkeys (D:10)
  2 human zombies
  3 quasits
  3 redback zombies
  2 iron imps (Abyss:1)
  8 orc wizards
  3 jellies
  5 orc priests (Orc:2)
  A gnoll shaman (D:9)
  A hound (D:11)
  An iguana (D:10)
  2 worker ants (Spider:1)
  2 ugly thing zombies (Vaults:3)
  A demigod zombie (Crypt:1)
  4 mummies
  A cane toad zombie (Lair:5)
  A worker ant zombie (D:10)
  An adder (D:12)
  A two-headed ogre zombie (D:10)
  5 white imps
  9 ufetubi
  A deep troll zombie (Vaults:1)
  A komodo dragon zombie (Lair:6)
  A yak zombie (Lair:6)
  13 orcs
  A bat skeleton (Crypt:2)
  A jackal (D:6)
  A bat (Shoals:1)
  5 kobolds (D:12)
  An ogre zombie (Vaults:3)
  4 orc zombies
  7 crawling corpses (Elf:3)
  A lurking horror (Abyss:1)
  3 plants (Shoals:4)
  10 starspawn tentacles
1508 creatures vanquished.

Vanquished Creatures (others)
  5 bone dragons
  2 profane servitors
  A tentacled starspawn (Abyss:1)
  19 ghouls
  A stone giant (Depths:2)
  12 vampire knights
  A white draconian (Depths:5)
  A deep elf annihilator (Elf:3)
  A dancing weapon (Elf:2)
  10 skeletal warriors
  15 flayed ghosts
  9 phantasmal warriors
  An ugly thing (Vaults:3)
  A deep elf mage (Elf:2)
  An ice statue (Zig:6)
  A yaktaur (Vaults:2)
  A freezing wraith (Vaults:3)
  A hellwing (Abyss:3)
  A demonic crawler (Spider:3)
  4 jumping spiders
  A spectral jumping spider (Spider:4)
  A juggernaut zombie (Depths:4)
  A Killer Klown zombie (Zot:5)
  2 caustic shrike zombies (Depths:5)
  A juggernaut skeleton (Depths:4)
  4 water elementals
  5 flying skulls
  18 vampires
  4 wraiths
  A fire elemental (Elf:1)
  9 very ugly thing zombies
  A hell hound (Elf:1)
  2 very ugly thing skeletons
  4 quicksilver dragon zombies
  An eye of draining (Abyss:1)
  A nameless horror (Zot:4)
  A titan zombie (Depths:3)
  A small abomination (Abyss:1)
  2 spark wasp zombies (Depths:3)
  4 golden dragon zombies
  8 storm dragon zombies
  A shadow dragon zombie (Zot:4)
  A frost giant zombie (Depths:3)
  5 draconian skeletons
  A wight (IceCv)
  2 sphinx zombies
  An iron dragon zombie (Depths:4)
  3 wolf spider zombies
  2 black draconian zombies
  A fire giant zombie (Depths:4)
  2 stone giant zombies
  A death drake zombie (Depths:5)
  4 white draconian zombies
  10 draconian zombies
  A hell hog zombie (Abyss:1)
  9 harpy zombies
  A spriggan skeleton (Depths:5)
  A yellow draconian skeleton (Zot:4)
  A death drake skeleton (Depths:5)
  15 ugly thing zombies
  2 boulder beetle zombies
  2 meliai zombies (Spider:3)
  2 black mamba zombies
  A hydra zombie (Lair:6)
  4 purple draconian zombies
  5 spriggan zombies
  An emperor scorpion zombie (Spider:4)
  2 fire dragon zombies (Vaults:1)
  20 yaktaur zombies
  4 green draconian zombies
  An ettin zombie (Depths:3)
  An iron troll zombie (Depths:4)
  8 red draconian zombies
  A yaktaur skeleton (Depths:4)
  10 ghoul skeletons
  A tarantella zombie (Spider:4)
  An elf skeleton (Elf:3)
  A green draconian skeleton (Depths:5)
  A human simulacrum (Abyss:2)
  10 redback zombies
  2 white draconian skeletons (Depths:5)
  A guardian serpent zombie (Abyss:1)
  8 jumping spider zombies
  2 demonic crawler zombies
  A wind drake zombie (Shoals:1)
  9 moth of wrath zombies
  9 merfolk zombies
  4 ice dragon zombies
  4 lindwurm zombies
  A satyr zombie (Shoals:2)
  5 two-headed ogre zombies
  A tengu skeleton (Depths:4)
  A deep troll skeleton (Depths:5)
  7 human skeletons
  2 merfolk skeletons (Shoals:2)
  2 snapping turtle zombies (Shoals:1)
  A vampire mosquito zombie (D:14)
  4 hornet zombies
  A torpor snail zombie (Lair:6)
  7 wolf zombies
  3 wyvern zombies
  A bullfrog zombie (Lair:4)
  5 hell hound zombies
  5 apocalypse crab zombies
  9 blink frog zombies
  8 deep troll zombies
  3 dream sheep zombies (Lair:6)
  2 elephant zombies
  17 elf zombies
  7 faun zombies
  5 human zombies
  A manticore zombie (Shoals:1)
  An orc skeleton (Orc:2)
  6 water moccasin zombies
  A water nymph zombie (Shoals:1)
  14 yak zombies
  4 cane toad zombies
  5 orb spider zombies
  An acid dragon zombie (Vaults:1)
  A black bear zombie (Lair:3)
  8 ogre zombies
  2 polar bear zombies
  11 raiju zombies
  2 sky beast zombies
  An adder zombie (D:12)
  3 basilisk zombies
  20 centaur zombies
  An electric eel zombie (Lair:6)
  2 giant cockroach zombies
  A gnoll zombie (D:9)
  A hound zombie (D:11)
  A howler monkey zombie (D:10)
  2 iguana zombies (D:12)
  4 jackal zombies
  4 killer bee zombies
  3 kobold zombies (D:12)
  4 leopard gecko zombies
  44 orc zombies
  2 scorpion zombies
  3 worker ant zombies
  9 demonic plants (Abyss:1)
  64 fungi
  A lurking horror (Abyss:2)
  336 plants
  70 starspawn tentacles
  11 tentacles
  34 withered plants
1115 creatures vanquished.

Grand Total: 4675 creatures vanquished

Notes
Turn   | Place    | Note
-------+----------+-------------------------------------------
     0 | D:1      | IEatYoBabies the Octopode Venom Mage began the quest for
                  | the Orb.
     0 | D:1      | Reached XP level 1. HP: 11/11 MP: 3/3
   378 | D:1      | Reached XP level 2. HP: 12/17 MP: 5/5
   381 | D:1      | Learned a level 2 spell: Poisonous Vapours
  1131 | D:1      | Reached XP level 3. HP: 21/21 MP: 6/6
  1965 | D:2      | Reached skill level 1 in Air Magic
  2173 | D:2      | Reached XP level 4. HP: 27/27 MP: 2/7
  2230 | D:2      | Learned a level 3 spell: Mephitic Cloud
  2334 | D:2      | Reached skill level 1 in Fighting
  2510 | D:3      | Found a sacrificial altar of Ru.
  2773 | D:3      | Reached XP level 5. HP: 33/33 MP: 0/8
  3677 | D:4      | Reached XP level 6. HP: 38/38 MP: 10/10
  3836 | D:4      | Reached skill level 5 in Poison Magic
  4086 | D:4      | Found a snail-covered altar of Cheibriados.
  4095 | D:4      | Found an ancient bone altar of Kikubaaqudgha.
  4106 | D:4      | Found a white marble altar of Elyvilon.
  4156 | D:4      | Reached XP level 7. HP: 44/44 MP: 4/11
  4350 | D:4      | Found a staircase to the Ecumenical Temple.
  4361 | Temple   | Entered the Ecumenical Temple
  4563 | Temple   | Became a worshipper of Yredelemnul the Dark
  4595 | D:4      | Learned a level 4 spell: Olgreb's Toxic Radiance
  4807 | D:5      | Entered Level 5 of the Dungeon
  5265 | D:5      | Reached skill level 1 in Short Blades
  5265 | D:5      | Reached skill level 1 in Invocations
  5407 | D:5      | Reached XP level 8. HP: 50/50 MP: 13/13
  5412 | D:5      | Found a runed translucent door.
  5467 | D:5      | Learned a level 3 spell: Ignite Poison
  5719 | D:5      | Noticed Eustachio
  5732 | D:5      | Killed Eustachio
  6107 | D:5      | Reached * piety under Yredelemnul
  6284 | D:5      | Noticed BioHzzd's ghost (weakling DgDe)
  6339 | D:6      | Reached skill level 2 in Invocations
  6543 | D:6      | Reached skill level 1 in Throwing
  6739 | D:6      | Found a burning altar of Makhleb.
  6914 | D:6      | Reached XP level 9. HP: 55/55 MP: 10/16
  6970 | D:6      | Reached ** piety under Yredelemnul
  7233 | D:6      | Reached skill level 5 in Stealth
  7560 | D:6      | Reached skill level 5 in Spellcasting
  8486 | D:7      | Reached *** piety under Yredelemnul
  8487 | D:7      | Reached skill level 5 in Dodging
  8676 | D:8      | Reached skill level 3 in Invocations
  8901 | D:8      | Reached skill level 1 in Conjurations
  9009 | D:8      | Noticed a hornet
  9014 | D:8      | Killed a hornet
  9015 | D:8      | Reached skill level 1 in Fire Magic
  9555 | D:8      | Noticed Prince Ribbit
  9561 | D:8      | Killed Prince Ribbit
  9562 | D:8      | Reached XP level 10. HP: 63/63 MP: 7/19
 10182 | D:9      | Found a bloodstained altar of Trog.
 10183 | D:9      | Found a sacrificial altar of Ru.
 10184 | D:9      | Found a shimmering blue altar of Sif Muna.
 10188 | D:9      | Found a blossoming altar of Fedhas.
 10188 | D:9      | Found a shadowy altar of Dithmenos.
 10204 | D:9      | Found an iron altar of Okawaru.
 10204 | D:9      | Found a burning altar of Makhleb.
 10205 | D:9      | Found a radiant altar of Vehumet.
 10242 | D:9      | Noticed Gastronok
 10261 | D:9      | Killed Gastronok
 10262 | D:9      | Reached skill level 4 in Invocations
 10502 | D:9      | Found a hazy altar of Hepliaklqana.
 11309 | D:10     | Entered Level 10 of the Dungeon
 11309 | D:10     | Found a runed translucent door.
 11309 | D:10     | Found the +10 tower shield of Ignorance {rN+ Int-4}
 11349 | D:10     | Reached **** piety under Yredelemnul
 11366 | D:10     | Noticed a two-headed ogre
 11612 | D:10     | Killed a two-headed ogre
 11613 | D:10     | Reached XP level 11. HP: 56/69 MP: 0/21
 11645 | D:10     | Noticed a wizard
 11652 | D:10     | Killed a wizard
 11653 | D:10     | Received a gift from Yredelemnul (2 flying skulls)
 11720 | D:10     | Noticed a two-headed ogre
 11727 | D:10     | Killed a two-headed ogre
 11947 | D:10     | Found a runed translucent door.
 11947 | D:10     | Noticed an orange crystal statue
 12223 | D:11     | Reached skill level 5 in Invocations
 12434 | D:11     | Found a staircase to the Lair.
 12938 | D:11     | Reached skill level 5 in Fighting
 13015 | D:11     | Noticed a cyclops
 13019 | D:11     | Killed a cyclops
 13019 | D:11     | Received a gift from Yredelemnul (3 flying skulls)
 13169 | D:11     | Noticed a manticore
 13175 | D:11     | Killed a manticore
 13989 | D:12     | Reached skill level 10 in Poison Magic
 14126 | D:12     | Noticed a skeletal warrior
 14126 | D:12     | Noticed a skeletal warrior
 14232 | D:12     | Noticed a skeletal warrior
 14428 | D:12     | Reached ***** piety under Yredelemnul
 14437 | D:12     | Killed a skeletal warrior
 14847 | Lair:1   | Entered Level 1 of the Lair of Beasts
 15133 | Lair:1   | Reached skill level 1 in Evocations
 15200 | Lair:1   | You fall into a shaft and drop 1 floor!
 15232 | Lair:2   | Noticed an oklob plant
 15282 | Lair:2   | Found a frozen archway.
 15356 | Lair:2   | Received a gift from Yredelemnul (a wraith)
 15371 | Lair:2   | Reached XP level 12. HP: 66/77 MP: 4/24
 15388 | Lair:2   | Noticed Nergalle
 15396 | Lair:2   | Killed Nergalle
 15437 | Lair:2   | Learned a level 5 spell: Irradiate
 15502 | IceCv    | Entered an ice cave
 15548 | IceCv    | Reached skill level 6 in Invocations
 15712 | IceCv    | Received a gift from Yredelemnul (a wraith)
 16191 | IceCv    | Received a gift from Yredelemnul (a wight)
 16402 | IceCv    | Noticed a death yak
 16410 | IceCv    | Reached skill level 5 in Fire Magic
 16411 | IceCv    | Killed a death yak
 16412 | IceCv    | Reached skill level 1 in Shields
 16551 | IceCv    | Noticed a death yak
 16551 | IceCv    | Noticed a frost giant
 16555 | IceCv    | Reached skill level 5 in Conjurations
 16558 | IceCv    | Killed a frost giant
 16559 | IceCv    | Reached XP level 13. HP: 59/83 MP: 8/26
 16807 | IceCv    | Identified Tiycot's Reference Book on Gliding Poisoning
 17095 | Lair:2   | Learned a level 4 spell: Summon Lightning Spire
 17242 | Lair:2   | Reached skill level 5 in Transmutations
 17242 | Lair:2   | Found a hole to the Spider Nest.
 18093 | Lair:1   | Received a gift from Yredelemnul (a vampire)
 18609 | Lair:3   | Learned a level 2 spell: Passwall
 19039 | Lair:3   | Found a staircase to the Shoals.
 19043 | Lair:3   | Reached skill level 7 in Invocations
 19221 | Lair:3   | Found a transporter.
 19223 | Lair:3   | Found a transporter.
 19323 | Lair:3   | Reached skill level 10 in Spellcasting
 20057 | Lair:4   | Received a gift from Yredelemnul (a vampire)
 20086 | Lair:4   | Reached skill level 1 in Summonings
 20435 | Lair:4   | Received a gift from Yredelemnul (a phantasmal warrior)
 21254 | Lair:4   | Reached XP level 14. HP: 51/91 MP: 16/28
 21853 | Lair:5   | Received a gift from Yredelemnul (a wraith)
 22736 | Lair:5   | Got a scorched dagger
 22737 | Lair:5   | Identified the +12 dagger "Qeiczumm" {venom, rF+ MP-9 SInv
                  | Stlth+} (You found it on level 5 of the Lair of Beasts)
 22788 | Lair:6   | Entered Level 6 of the Lair of Beasts
 23485 | Lair:6   | Found a viscous altar of Jiyva.
 23485 | Lair:6   | Found a staircase to the Slime Pits.
 23516 | Lair:6   | Reached ****** piety under Yredelemnul
 23676 | Lair:6   | Reached skill level 8 in Invocations
 23736 | Lair:6   | Received a gift from Yredelemnul (a skeletal warrior)
 24198 | Lair:6   | Found a runed translucent door.
 24258 | Lair:6   | Received a gift from Yredelemnul (a flayed ghost)
 24771 | Lair:6   | Reached skill level 5 in Shields
 24782 | Lair:6   | Received a gift from Yredelemnul (a flayed ghost)
 25512 | D:12     | Reached XP level 15. HP: 71/98 MP: 30/30
 25628 | D:12     | Noticed Rupert
 25642 | D:12     | Killed Rupert
 26184 | D:12     | Found Faarah's Antique Armour Shop.
 26195 | D:12     | Bought the +3 crown of Dyrovepreva {rElec Int+2 SInv} for
                  | 1283 gold pieces
 26195 | D:12     | Found the +3 crown of Dyrovepreva {rElec Int+2 SInv}
 26416 | D:12     | Noticed Urug
 26423 | D:12     | Killed Urug
 26484 | D:12     | Received a gift from Yredelemnul (a phantasmal warrior)
 26491 | D:12     | Found a staircase to the Orcish Mines.
 26836 | Orc:1    | Entered Level 1 of the Orcish Mines
 26836 | Orc:1    | Noticed Harold
 26844 | Orc:1    | Killed Harold
 27120 | Orc:1    | Found Yryileoq's General Store.
 27126 | Orc:1    | Bought a scroll of identify for 30 gold pieces
 27346 | Orc:2    | Entered Level 2 of the Orcish Mines
 27463 | Orc:2    | Found a staircase to the Elven Halls.
 27719 | Orc:2    | Found a roughly hewn altar of Beogh.
 28002 | Orc:2    | Reached skill level 1 in Polearms
 28279 | Orc:2    | Noticed an orc warlord
 28287 | Orc:2    | Killed an orc warlord
 28913 | Orc:2    | Received a gift from Yredelemnul (a wraith)
 29058 | Orc:2    | Found Imuupu's General Store.
 29059 | Orc:2    | Found Ganotizu's Book Emporium.
 29060 | Orc:2    | Found Wiwnitz's Antique Armour Shoppe.
 29060 | Orc:2    | Found Eniuty's Antique Weapon Shoppe.
 29123 | Orc:2    | Bought Easy Rites and Rhymes for 782 gold pieces
 29126 | Orc:2    | Learned a level 2 spell: Blink
 29130 | Orc:2    | Learned a level 2 spell: Wereblood
 29636 | D:13     | Received a gift from Yredelemnul (a phantasmal warrior)
 29641 | D:13     | Reached skill level 9 in Invocations
 29643 | D:13     | Reached skill level 1 in Translocations
 29887 | D:13     | Found a gate to the Vaults.
 30061 | D:13     | Found Aklehaor's Antique Weapon Shoppe.
 30069 | D:13     | Bought an ancient trident for 204 gold pieces
 30069 | D:13     | Identified the +7 trident "Kyot" {vorpal, rElec} (You
                  | bought it in a shop on level 13 of the Dungeon)
 30077 | D:13     | Received a gift from Yredelemnul (a ghoul)
 30403 | D:14     | Reached XP level 16. HP: 105/105 MP: 26/31
 31035 | D:14     | Noticed Jorgrun
 31050 | D:14     | Killed Jorgrun
 31410 | D:14     | Found a glowing golden altar of the Shining One.
 31421 | D:14     | Received a gift from Yredelemnul (a phantasmal warrior)
 31715 | D:14     | Identified Roxanne's Collected Works on Clay
 31715 | D:14     | Noticed Roxanne
 31728 | D:14     | Killed Roxanne
 31974 | D:15     | Entered Level 15 of the Dungeon
 32186 | D:15     | Reached XP level 17. HP: 110/110 MP: 11/33
 32475 | D:15     | Received a gift from Yredelemnul (a bone dragon)
 32720 | D:15     | Received a gift from Yredelemnul (a vampire)
 32721 | D:15     | Reached skill level 15 in Poison Magic
 33015 | D:15     | Found a shimmering blue altar of Sif Muna.
 33410 | D:15     | Found a staircase to the Depths.
 33601 | Shoals:1 | Entered Level 1 of the Shoals
 33608 | Shoals:1 | Received a gift from Yredelemnul (a vampire)
 33973 | Shoals:1 | Noticed a kraken
 33982 | Shoals:1 | Killed a kraken
 34533 | Shoals:1 | Received a gift from Yredelemnul (a ghoul)
 34709 | Shoals:1 | Reached skill level 10 in Dodging
 35301 | Shoals:1 | Received a gift from Yredelemnul (a flayed ghost)
 35685 | Shoals:2 | Identified a scroll of acquirement
 35686 | Shoals:2 | Acquired 657 gold pieces
 35762 | Shoals:2 | Reached skill level 10 in Invocations
 35792 | Shoals:2 | Received a gift from Yredelemnul (a vampire knight)
 37046 | Shoals:2 | Received a gift from Yredelemnul (a bone dragon)
 37625 | Orc:2    | Bought a potion of heal wounds for 75 gold pieces
 38399 | Shoals:3 | Reached XP level 18. HP: 118/118 MP: 27/34
 38763 | Shoals:4 | Entered Level 4 of the Shoals
 38768 | Shoals:4 | Received a gift from Yredelemnul (a flayed ghost)
 38989 | Shoals:4 | Got a barnacled rune of Zot
 39286 | Shoals:4 | Received a gift from Yredelemnul (a bone dragon)
 39882 | Shoals:4 | Found a sacrificial altar of Ru.
 39917 | Shoals:4 | Received a gift from Yredelemnul (a skeletal warrior)
 40521 | Vaults:1 | Entered Level 1 of the Vaults
 40622 | Vaults:1 | Reached skill level 5 in Summonings
 40703 | Vaults:1 | Reached skill level 5 in Air Magic
 40704 | Vaults:1 | Received a gift from Yredelemnul (a phantasmal warrior)
 40722 | Vaults:1 | You fall into a shaft and drop 1 floor!
 41164 | Vaults:1 | Received a gift from Yredelemnul (a ghoul)
 41225 | Vaults:1 | Reached skill level 11 in Invocations
 41282 | Vaults:1 | Found the +8 glaive of the Guard {elec, +Rage AC+5 SInv}
 41576 | Vaults:1 | Got a fine pewter ring
 41577 | Vaults:1 | Identified the ring of Noon {rPois rF- rC+ AC+4} (You found
                  | it on level 1 of the Vaults)
 41952 | Vaults:1 | Received a gift from Yredelemnul (a ghoul)
 41953 | Vaults:1 | Reached skill level 5 in Polearms
 42289 | Vaults:1 | Reached XP level 19. HP: 104/126 MP: 22/36
 42600 | Vaults:1 | Received a gift from Yredelemnul (a vampire)
 42600 | Vaults:1 | Reached skill level 10 in Shields
 43222 | Vaults:2 | Noticed Mara
 43235 | Vaults:2 | Killed Mara
 43235 | Vaults:2 | Enslaved Mara
 43602 | Vaults:2 | Noticed a tentacled monstrosity
 43605 | Vaults:2 | Killed a tentacled monstrosity
 43606 | Vaults:2 | Received a gift from Yredelemnul (a flayed ghost)
 43608 | Vaults:2 | Reached skill level 10 in Fighting
 43998 | Vaults:2 | Found a staircase to the Crypt.
 44841 | Vaults:3 | Received a gift from Yredelemnul (a flayed ghost)
 45233 | Vaults:3 | Found Qeblien's Gadget Emporium.
 46361 | Vaults:4 | Received a gift from Yredelemnul (a vampire knight)
 46606 | Vaults:4 | Reached XP level 20. HP: 133/133 MP: 38/38
 46835 | Vaults:4 | Reached skill level 10 in Transmutations
 46842 | Vaults:4 | Reached skill level 12 in Invocations
 48219 | Spider:1 | Entered Level 1 of the Spider Nest
 48226 | Spider:1 | Received a gift from Yredelemnul (a vampire knight)
 48316 | Spider:1 | Received a gift from Yredelemnul (a phantasmal warrior)
 48316 | Spider:1 | Reached skill level 15 in Spellcasting
 48348 | Spider:1 | Received a gift from Yredelemnul (a ghoul)
 48718 | Spider:1 | Received a gift from Yredelemnul (a vampire knight)
 48847 | Spider:1 | Received a gift from Yredelemnul (a vampire knight)
 49216 | Spider:2 | Found a runed translucent gate.
 49216 | Spider:2 | Found a runed translucent gate.
 49216 | Spider:2 | Found a runed translucent gate.
 49221 | Spider:2 | Noticed kazak's ghost (journeyman SpBe)
 49224 | Spider:2 | Paralysed by a Zot trap for 2 turns
 49231 | Spider:2 | Gained mutation: Your spells are a little easier to cast,
                  | but a little less powerful. [mutagenic glow]
 49237 | Spider:2 | Gained mutation: You are clumsy. (Dex -2) [mutagenic glow]
 49239 | Spider:2 | Killed kazak's ghost
 49248 | Spider:2 | Gained mutation: You do not regenerate when monsters are
                  | visible. [mutagenic glow]
 49263 | Spider:2 | Gained mutation: You are occasionally teleported next to
                  | monsters. [mutagenic glow]
 50119 | Spider:3 | Lost mutation: Your spells are a little easier to cast, but
                  | a little less powerful. [potion of mutation]
 50119 | Spider:3 | Lost mutation: You are occasionally teleported next to
                  | monsters. [potion of mutation]
 50119 | Spider:3 | Lost mutation: You do not regenerate when monsters are
                  | visible. [potion of mutation]
 50119 | Spider:3 | Lost mutation: You are clumsy. (Dex -2) [potion of
                  | mutation]
 50119 | Spider:3 | Gained mutation: You are covered in fur. (AC +1) [potion of
                  | mutation]
 50119 | Spider:3 | Gained mutation: One of your tentacles bears a spike.
                  | [potion of mutation]
 50370 | Spider:3 | Received a gift from Yredelemnul (a flayed ghost)
 51027 | Spider:3 | Received a gift from Yredelemnul (a vampire)
 51430 | Spider:4 | Entered Level 4 of the Spider Nest
 51990 | Spider:4 | Received a gift from Yredelemnul (a skeletal warrior)
 52074 | Spider:4 | Received a gift from Yredelemnul (a skeletal warrior)
 52153 | Spider:4 | Got a gossamer rune of Zot
 52618 | Elf:1    | Entered Level 1 of the Elven Halls
 52628 | Elf:1    | Reached skill level 13 in Invocations
 52721 | Elf:1    | Found an ancient bone altar of Kikubaaqudgha.
 52834 | Elf:1    | Received a gift from Yredelemnul (a ghoul)
 53183 | Elf:1    | Reached XP level 21. HP: 140/140 MP: 33/40
 53192 | Elf:1    | Identified Vehumet's Almanac of the Ten Xenops
 53310 | Elf:1    | Noticed Azrael
 53346 | Elf:1    | Received a gift from Yredelemnul (a flayed ghost)
 53350 | Elf:1    | Killed Azrael
 54049 | Elf:2    | Found a runed translucent gate.
 54049 | Elf:2    | Found a runed translucent gate.
 54050 | Elf:2    | Found a runed translucent gate.
 54154 | Elf:2    | Received a gift from Yredelemnul (a vampire knight)
 54488 | Elf:2    | Received a gift from Yredelemnul (a vampire)
 55194 | Elf:3    | Entered Level 3 of the Elven Halls
 55223 | Elf:3    | Reached skill level 10 in Stealth
 55387 | Elf:3    | Noticed Bai Suzhen
 55398 | Elf:3    | Killed Bai Suzhen
 55563 | Elf:3    | Received a gift from Yredelemnul (a vampire)
 56161 | Elf:3    | Received a gift from Yredelemnul (a vampire)
 56191 | Elf:3    | Reached skill level 14 in Invocations
 56738 | Elf:3    | Identified the +9 mace of Misery {protect, rPois Int+2}
 56745 | Elf:3    | Received a gift from Yredelemnul (a vampire)
 56894 | Elf:3    | Identified the +5 flail "Ajyatont" {protect, rF+}
 57364 | Depths:1 | Entered Level 1 of the Depths
 57369 | Depths:1 | Reached XP level 22. HP: 127/148 MP: 30/42
 57371 | Depths:1 | Received a gift from Yredelemnul (a ghoul)
 57612 | Depths:1 | Found a gateway to Hell.
 58129 | Depths:1 | Noticed Nikola
 58135 | Depths:1 | Killed Nikola
 58298 | Depths:1 | Noticed Sojobo
 58308 | Depths:1 | Killed Sojobo
 58521 | Depths:1 | Noticed the Enchantress
 58523 | Depths:1 | Received a gift from Yredelemnul (a ghoul)
 58538 | Depths:1 | Killed the Enchantress
 59261 | Depths:2 | Reached skill level 5 in Evocations
 59301 | Depths:2 | Received a gift from Yredelemnul (a flayed ghost)
 59319 | Depths:2 | Your ally Mara died
 59320 | Depths:2 | Reached skill level 15 in Invocations
 59322 | Depths:2 | Received a gift from Yredelemnul (a ghoul)
 59434 | Depths:2 | Received a gift from Yredelemnul (a ghoul)
 60313 | Depths:3 | Found a huge runed gate.
 60313 | Depths:3 | Found a huge runed gate.
 60314 | Depths:3 | Found a huge runed gate.
 60314 | Depths:3 | Found a huge runed gate.
 60315 | Depths:3 | Found a huge runed gate.
 60315 | Depths:3 | Found a huge runed gate.
 60446 | Depths:3 | Found a huge runed gate.
 60446 | Depths:3 | Found a huge runed gate.
 60446 | Depths:3 | Found a huge runed gate.
 60447 | Depths:3 | Found a huge runed gate.
 60463 | Depths:3 | Received a gift from Yredelemnul (a skeletal warrior)
 60466 | Depths:3 | Found a huge runed gate.
 60467 | Depths:3 | Found a huge runed gate.
 60468 | Depths:3 | Found a huge runed gate.
 60475 | Depths:3 | Noticed a golden dragon
 60481 | Depths:3 | Reached XP level 23. HP: 93/155 MP: 25/43
 60485 | Depths:3 | Killed a golden dragon
 61071 | Depths:3 | Found a one-way gate leading to the halls of Pandemonium.
 61190 | Depths:3 | Received a gift from Yredelemnul (a ghoul)
 61544 | Depths:3 | Reached skill level 16 in Invocations
 62420 | Depths:4 | Got a fine lead ring
 62421 | Depths:4 | Identified the ring "Amudi" {*Tele rElec Will- Str+3
                  | Slay+3} (You found it on level 4 of the Depths)
 62425 | Depths:4 | Found a corrupted altar of Lugonu.
 62445 | Depths:4 | Found a one-way gate to the infinite horrors of the Abyss.
 62791 | Depths:4 | Reached skill level 10 in Polearms
 62859 | Depths:4 | Upgraded the game from 0.26-a0-1053-gaff5f71418 to
                  | 0.26-a0-1060-g086102a3f0
 63027 | Depths:4 | Received a gift from Yredelemnul (a bone dragon)
 63148 | Depths:4 | Noticed a juggernaut
 63161 | Depths:4 | Killed a juggernaut
 63163 | Depths:4 | Identified the amulet of Buirghez {Regen+ Str+9}
 63464 | Depths:4 | Noticed a juggernaut
 63480 | Depths:4 | Killed a juggernaut
 63699 | Depths:5 | Entered Level 5 of the Depths
 63710 | Depths:5 | Reached XP level 24. HP: 163/163 MP: 27/43
 63798 | Depths:5 | Found a broken altar of Ashenzari.
 63811 | Depths:5 | Received a gift from Yredelemnul (a flayed ghost)
 63816 | Depths:5 | Noticed a caustic shrike
 63827 | Depths:5 | Noticed a caustic shrike
 63831 | Depths:5 | Noticed a caustic shrike
 63832 | Depths:5 | Killed a caustic shrike
 63836 | Depths:5 | Killed a caustic shrike
 63964 | Depths:5 | Noticed a caustic shrike
 63967 | Depths:5 | Killed a caustic shrike
 63969 | Depths:5 | Killed a caustic shrike
 64125 | Depths:5 | Received a gift from Yredelemnul (a phantasmal warrior)
 64385 | Depths:5 | Received a gift from Yredelemnul (a vampire knight)
 64656 | Depths:5 | Found a gate to the Realm of Zot.
 64889 | Depths:5 | Reached skill level 17 in Invocations
 65153 | Depths:5 | Received a gift from Yredelemnul (a flayed ghost)
 65405 | Depths:5 | Found a gateway to a ziggurat.
 66002 | Crypt:1  | Entered Level 1 of the Crypt
 66321 | Crypt:1  | Received a gift from Yredelemnul (a flayed ghost)
 67171 | Crypt:2  | Received a gift from Yredelemnul (a vampire)
 67377 | Crypt:2  | Reached skill level 15 in Shields
 67901 | Crypt:3  | Entered Level 3 of the Crypt
 68043 | Crypt:3  | Received a gift from Yredelemnul (a ghoul)
 68226 | Crypt:3  | Received a gift from Yredelemnul (a profane servitor)
 68581 | Crypt:3  | Noticed Saint Roka
 68586 | Crypt:3  | Received a gift from Yredelemnul (a vampire knight)
 68595 | Crypt:3  | Killed Saint Roka
 69066 | Crypt:3  | Found an ancient bone altar of Kikubaaqudgha.
 69288 | Crypt:3  | Reached XP level 25. HP: 171/171 MP: 43/43
 69299 | Crypt:3  | Found the +7 Spriggan's Knife {stab, EV+4 Stlth+}
 69300 | Crypt:3  | Noticed an ancient lich
 69316 | Crypt:3  | Killed an ancient lich
 69330 | Crypt:3  | Got a smoking amber ring
 69340 | Crypt:3  | Identified the ring of Xeup {AC+4 Str+7 Slay-4} (You found
                  | it on level 3 of the Crypt)
 69635 | Crypt:3  | Found a staircase to the Tomb.
 69643 | Crypt:3  | Received a gift from Yredelemnul (a phantasmal warrior)
 70219 | Slime:1  | Entered Level 1 of the Pits of Slime
 70819 | Slime:5  | Entered Level 5 of the Pits of Slime
 70850 | Slime:5  | Received a gift from Yredelemnul (a vampire)
 70873 | Slime:5  | Noticed the Royal Jelly
 70903 | Slime:5  | Reached skill level 10 in Evocations
 70920 | Slime:5  | Killed the Royal Jelly
 71641 | Slime:5  | Identified the Collected Works on Hurtful Feathers
 71681 | Slime:5  | Identified Deops's Catalogue of Summoning and the Mountains
 71712 | Slime:5  | Got a slimy rune of Zot
 71741 | Slime:5  | Learned a level 7 spell: Dragon Form
 72355 | Depths:4 | Voluntarily entered the Abyss.
 72383 | Abyss:1  | Acquired the +0 hat of Kitsogeh {rF+ Regen+ Stlth-}
 72389 | Abyss:1  | Found a corrupted altar of Lugonu.
 72526 | Abyss:1  | Reached skill level 15 in Dodging
 72683 | Abyss:1  | Received a gift from Yredelemnul (a bone dragon)
 72843 | Abyss:2  | Received a gift from Yredelemnul (a vampire)
 72892 | Depths:4 | Escaped the Abyss
 72894 | Depths:4 | Voluntarily entered the Abyss.
 72965 | Abyss:1  | Found a corrupted altar of Lugonu.
 72981 | Abyss:1  | Received a gift from Yredelemnul (a skeletal warrior)
 73206 | Abyss:1  | Reached skill level 18 in Invocations
 73578 | Abyss:3  | Received a gift from Yredelemnul (a vampire)
 73590 | Depths:4 | Escaped the Abyss
 73705 | Depths:4 | Voluntarily entered the Abyss.
 73905 | Abyss:1  | Noticed an ancient lich
 74032 | Abyss:2  | Found a corrupted altar of Lugonu.
 74210 | Abyss:2  | Received a gift from Yredelemnul (a bone dragon)
 74492 | Abyss:2  | Received a gift from Yredelemnul (a vampire knight)
 74682 | Abyss:2  | Received a gift from Yredelemnul (a phantasmal warrior)
 74748 | Abyss:2  | Received a gift from Yredelemnul (a skeletal warrior)
 75086 | Abyss:3  | Reached XP level 26. HP: 119/180 MP: 43/43
 75103 | Abyss:3  | Got an abyssal rune of Zot
 75159 | Depths:4 | Escaped the Abyss
 75289 | Depths:4 | Voluntarily entered the Abyss.
 75300 | Abyss:1  | Received a gift from Yredelemnul (a vampire)
 75370 | Abyss:1  | Noticed an ancient lich
 75382 | Abyss:1  | Killed an ancient lich
 75700 | Depths:4 | Escaped the Abyss
 75902 | Zot:1    | Entered Level 1 of the Realm of Zot
 76028 | Depths:5 | Received a gift from Yredelemnul (a vampire knight)
 76143 | Zot:1    | Received a gift from Yredelemnul (a flayed ghost)
 76197 | Zot:1    | Noticed an orb of fire
 76201 | Zot:1    | Received a gift from Yredelemnul (a profane servitor)
 76603 | Zot:1    | Received a gift from Yredelemnul (a ghoul)
 77294 | Zot:1    | Received a gift from Yredelemnul (a phantasmal warrior)
 77745 | D:5      | Killed BioHzzd's ghost
 77906 | D:10     | Paralysed by a hornet for 3 turns
 78340 | Lair:2   | Your ally Nergalle died
 78762 | Zig:1    | Entered Level 1 of a ziggurat
 78785 | Zig:2    | Entered Level 2 of a ziggurat
 78805 | Zig:3    | Entered Level 3 of a ziggurat
 78806 | Zig:3    | Noticed an ancient lich
 78838 | Zig:3    | Killed an ancient lich
 78934 | Zig:4    | Entered Level 4 of a ziggurat
 78971 | Zig:4    | Found the +8 demon blade "Leech" {vamp, *Rage +Rage rN+}
 79142 | Zig:5    | Entered Level 5 of a ziggurat
 79297 | Zig:6    | Entered Level 6 of a ziggurat
 79303 | Zig:6    | Found the +1 cloak of Starlight {rElec rC+ EV+4 Stlth--}
 79314 | Zig:6    | Got a fine sapphire amulet
 79378 | Depths:5 | Identified the amulet "Ragaub" {Reflect *Slow rN+ Int+3
                  | Dex+3 SH+5} (You found it on level 6 of a ziggurat)
 79445 | Depths:4 | Voluntarily entered the Abyss.
 79445 | Abyss:1  | Found a corrupted altar of Lugonu.
 79472 | Abyss:1  | Received a gift from Yredelemnul (a bone dragon)
 79550 | Abyss:1  | Got a bound granite ring
 79551 | Abyss:1  | Identified the ring of Huxkel {rElec rC+ Will+ Str-3 Dex+4}
                  | (You found it on level 1 of the Abyss)
 79596 | Abyss:1  | Found a corrupted altar of Lugonu.
 79681 | Abyss:1  | Got a faintly glowing tin ring
 79692 | Depths:4 | Escaped the Abyss
 79711 | Depths:4 | Identified the ring of Ephemeral Luck {rPois Int+6} (You
                  | found it on level 1 of the Abyss)
 79722 | Depths:4 | Voluntarily entered the Abyss.
 79744 | Abyss:1  | Acquired the Collected Works on the Compass and Battle
                  | Magic
 79778 | Depths:4 | Escaped the Abyss
 79780 | Depths:4 | Voluntarily entered the Abyss.
 79848 | Abyss:1  | Received a gift from Yredelemnul (a vampire knight)
 79849 | Abyss:1  | Reached skill level 15 in Fighting
 80016 | Depths:4 | Escaped the Abyss
 80030 | Depths:4 | Acquired the Compendium of Toxins and Stones
 80045 | Depths:4 | Learned a level 5 spell: Summon Mana Viper
 80067 | Depths:4 | Voluntarily entered the Abyss.
 80120 | Depths:4 | Escaped the Abyss
 80122 | Depths:4 | Voluntarily entered the Abyss.
 80198 | Depths:4 | Escaped the Abyss
 80262 | Depths:4 | Voluntarily entered the Abyss.
 80285 | Abyss:1  | Found a basalt altar of Yredelemnul.
 80364 | Abyss:1  | Found a basalt altar of Yredelemnul.
 80371 | Depths:4 | Escaped the Abyss
 80373 | Depths:4 | Voluntarily entered the Abyss.
 80387 | Abyss:1  | Received a gift from Yredelemnul (a vampire knight)
 80492 | Depths:4 | Escaped the Abyss
 80537 | Depths:4 | Voluntarily entered the Abyss.
 80566 | Abyss:1  | Found a corrupted altar of Lugonu.
 80596 | Depths:4 | Escaped the Abyss
 80614 | Depths:4 | Voluntarily entered the Abyss.
 80698 | Depths:4 | Escaped the Abyss
 80718 | Depths:4 | Voluntarily entered the Abyss.
 80935 | Abyss:1  | Found a blossoming altar of Fedhas.
 81219 | Abyss:1  | Received a gift from Yredelemnul (a ghoul)
 81252 | Depths:4 | Escaped the Abyss
 81374 | Depths:4 | Voluntarily entered the Abyss.
 81458 | Depths:4 | Escaped the Abyss
 81460 | Depths:4 | Voluntarily entered the Abyss.
 81553 | Depths:4 | Escaped the Abyss
 81555 | Depths:4 | Voluntarily entered the Abyss.
 81622 | Abyss:1  | Received a gift from Yredelemnul (a skeletal warrior)
 81755 | Depths:4 | Escaped the Abyss
 81833 | Depths:4 | Voluntarily entered the Abyss.
 81897 | Depths:4 | Escaped the Abyss
 81899 | Depths:4 | Voluntarily entered the Abyss.
 81910 | Abyss:1  | Found a corrupted altar of Lugonu.
 81972 | Depths:4 | Escaped the Abyss
 81974 | Depths:4 | Voluntarily entered the Abyss.
 82027 | Depths:4 | Escaped the Abyss
 82043 | Depths:4 | Voluntarily entered the Abyss.
 82118 | Depths:4 | Escaped the Abyss
 82120 | Depths:4 | Voluntarily entered the Abyss.
 82185 | Depths:4 | Escaped the Abyss
 82187 | Depths:4 | Voluntarily entered the Abyss.
 82219 | Depths:4 | Escaped the Abyss
 82221 | Depths:4 | Voluntarily entered the Abyss.
 82269 | Abyss:1  | Received a gift from Yredelemnul (a ghoul)
 82321 | Depths:4 | Escaped the Abyss
 82443 | Depths:4 | Voluntarily entered the Abyss.
 82578 | Abyss:1  | Reached skill level 1 in Hexes
 82615 | Depths:4 | Escaped the Abyss
 82617 | Depths:4 | Voluntarily entered the Abyss.
 82655 | Abyss:1  | Received a gift from Yredelemnul (a flayed ghost)
 82747 | Abyss:1  | Reached XP level 27. HP: 186/186 MP: 42/43
 82840 | Abyss:1  | Received a gift from Yredelemnul (a skeletal warrior)
 83107 | Abyss:1  | Gained mutation: Your magical capacity is low. (-10% MP)
                  | [mutagenic glow]
 83225 | Depths:4 | Escaped the Abyss
 83309 | Depths:4 | Voluntarily entered the Abyss.
 83424 | Abyss:1  | Reached skill level 1 in Unarmed Combat
 83468 | Depths:4 | Escaped the Abyss
 83470 | Depths:4 | Voluntarily entered the Abyss.
 83499 | Abyss:1  | Got a clouded golden amulet
 83500 | Abyss:1  | Identified the amulet of Lucidity {Inacc rPois Str+6 Int-5
                  | Dex+4} (You found it on level 1 of the Abyss)
 83538 | Depths:4 | Escaped the Abyss
 83540 | Depths:4 | Voluntarily entered the Abyss.
 83626 | Depths:4 | Escaped the Abyss
 83628 | Depths:4 | Voluntarily entered the Abyss.
 83628 | Abyss:1  | Found a corrupted altar of Lugonu.
 83670 | Abyss:1  | Gained mutation: Your magical capacity is very low. (-20%
                  | MP) [mutagenic glow]
 83680 | Abyss:1  | Found a corrupted altar of Lugonu.
 83727 | Depths:4 | Escaped the Abyss
 83729 | Depths:4 | Voluntarily entered the Abyss.
 83805 | Depths:4 | Escaped the Abyss
 83807 | Depths:4 | Voluntarily entered the Abyss.
 83853 | Depths:4 | Escaped the Abyss
 83855 | Depths:4 | Voluntarily entered the Abyss.
 83855 | Abyss:1  | Found a corrupted altar of Lugonu.
 83912 | Depths:4 | Escaped the Abyss
 83975 | Depths:4 | Voluntarily entered the Abyss.
 84027 | Depths:4 | Escaped the Abyss
 84035 | Depths:4 | Acquired 691 gold pieces
 84146 | Depths:4 | Voluntarily entered the Abyss.
 84147 | Abyss:1  | Noticed an ancient lich
 84207 | Abyss:1  | Killed an ancient lich
 84343 | Abyss:1  | Received a gift from Yredelemnul (a vampire)
 84466 | Abyss:1  | Received a gift from Yredelemnul (a vampire knight)
 84579 | Depths:4 | Escaped the Abyss
 84670 | Depths:4 | Voluntarily entered the Abyss.
 84736 | Abyss:1  | Reached skill level 19 in Invocations
 84768 | Depths:4 | Escaped the Abyss
 84782 | Depths:4 | Voluntarily entered the Abyss.
 84990 | Abyss:1  | Found a radiant altar of Vehumet.
 85032 | Abyss:1  | Found a radiant altar of Vehumet.
 85273 | Depths:4 | Escaped the Abyss
 85275 | Depths:4 | Voluntarily entered the Abyss.
 85277 | Abyss:1  | Found a corrupted altar of Lugonu.
 85363 | Abyss:1  | Got a vibrating granite ring
 85364 | Abyss:1  | Identified the cursed ring "Ywoeh" {rElec rC+ EV-4} (You
                  | found it on level 1 of the Abyss)
 85428 | Depths:4 | Escaped the Abyss
 85447 | Depths:4 | Voluntarily entered the Abyss.
 85447 | Abyss:1  | Found a corrupted altar of Lugonu.
 85716 | Abyss:1  | Received a gift from Yredelemnul (a ghoul)
 85987 | Depths:4 | Escaped the Abyss
 86008 | Depths:4 | Upgraded the game from 0.26-a0-1060-g086102a3f0 to
                  | 0.26-a0-1086-g9010512d90
 86027 | Depths:4 | Voluntarily entered the Abyss.
 86072 | Abyss:1  | Received a gift from Yredelemnul (a vampire)
 86223 | Abyss:1  | Received a gift from Yredelemnul (a vampire knight)
 86298 | Depths:4 | Escaped the Abyss
 86300 | Depths:4 | Voluntarily entered the Abyss.
 86394 | Abyss:1  | Found a corrupted altar of Lugonu.
 86466 | Abyss:1  | Received a gift from Yredelemnul (a ghoul)
 86572 | Abyss:2  | Found a corrupted altar of Lugonu.
 86668 | Depths:4 | Escaped the Abyss
 86670 | Depths:4 | Voluntarily entered the Abyss.
 86718 | Depths:4 | Escaped the Abyss
 86720 | Depths:4 | Voluntarily entered the Abyss.
 86776 | Abyss:1  | Received a gift from Yredelemnul (a vampire)
 87024 | Depths:4 | Escaped the Abyss
 87118 | Depths:4 | Voluntarily entered the Abyss.
 87231 | Depths:4 | Escaped the Abyss
 87233 | Depths:4 | Voluntarily entered the Abyss.
 87531 | Abyss:1  | Received a gift from Yredelemnul (a skeletal warrior)
 87622 | Depths:4 | Escaped the Abyss
 87740 | Depths:4 | Voluntarily entered the Abyss.
 87740 | Abyss:1  | Found a corrupted altar of Lugonu.
 87798 | Depths:4 | Escaped the Abyss
 87800 | Depths:4 | Voluntarily entered the Abyss.
 87813 | Abyss:1  | Found a corrupted altar of Lugonu.
 87832 | Depths:4 | Escaped the Abyss
 87834 | Depths:4 | Voluntarily entered the Abyss.
 87992 | Abyss:1  | Paralysed by accursed screaming for 1 turns
 87996 | Abyss:1  | Received a gift from Yredelemnul (a skeletal warrior)
 88020 | Depths:4 | Escaped the Abyss
 88022 | Depths:4 | Voluntarily entered the Abyss.
 88084 | Depths:4 | Escaped the Abyss
 88086 | Depths:4 | Voluntarily entered the Abyss.
 88152 | Depths:4 | Escaped the Abyss
 88154 | Depths:4 | Voluntarily entered the Abyss.
 88213 | Depths:4 | Escaped the Abyss
 88215 | Depths:4 | Voluntarily entered the Abyss.
 88292 | Abyss:1  | Found a corrupted altar of Lugonu.
 88356 | Depths:4 | Escaped the Abyss
 88358 | Depths:4 | Voluntarily entered the Abyss.
 88551 | Abyss:3  | Found a hide-covered altar of Uskayaw.
 88565 | Depths:4 | Escaped the Abyss
 88605 | Hell     | Entered the Vestibule of Hell
 88605 | Hell     | Noticed Geryon
 88884 | Hell     | Killed Geryon
 89753 | Hell     | Received a gift from Yredelemnul (a vampire)
 89930 | Hell     | Noticed Murray
 90151 | Depths:5 | Learned a level 3 spell: Ozocubu's Armour
 90180 | Depths:5 | Killed Murray
 90474 | Hell     | Found a gateway to the decaying netherworld of Tartarus.
 90496 | Hell     | Received a gift from Yredelemnul (a flayed ghost)
 90553 | Hell     | Found a gateway to the Iron City of Dis.
 90594 | Hell     | Found a gateway to the ashen valley of Gehenna.
 90764 | Hell     | Found a gateway to the freezing wastes of Cocytus.
 90778 | Hell     | Reached skill level 5 in Unarmed Combat
 90783 | Hell     | Received a gift from Yredelemnul (a vampire)
 91212 | Zot:1    | Gained mutation: Your magical capacity is extremely low.
                  | (-30% MP) [an orb of fire]
 91215 | Zot:1    | Gained mutation: Scrolls take you a little longer to read.
                  | [an orb of fire]
 91233 | Zot:1    | Lost mutation: Scrolls take you a little longer to read.
                  | [an orb of fire]
 91236 | Zot:1    | Killed an orb of fire
 93078 | Zot:3    | Noticed an orb of fire
 93090 | Zot:3    | Killed an orb of fire
 93107 | Zot:3    | Received a gift from Yredelemnul (a skeletal warrior)
 94007 | Zot:3    | Received a gift from Yredelemnul (a ghoul)
 95205 | Zot:4    | Noticed an orb of fire
 95207 | Zot:4    | Gained mutation: You tend to lose your temper in combat.
                  | [an orb of fire]
 95290 | Zot:4    | Received a gift from Yredelemnul (a vampire knight)
 95546 | Zot:4    | Gained mutation: You often lose your temper in combat.
                  | [mutagenic glow]
 96429 | Zot:4    | Gained mutation: You occasionally shout uncontrollably at
                  | your foes. [an orb of fire]
 96432 | Zot:4    | Gained mutation: You are weak. (Str -2) [an orb of fire]
 96435 | Zot:4    | Killed an orb of fire
 96593 | Zot:3    | Upgraded the game from 0.26-a0-1086-g9010512d90 to
                  | 0.26-a0-1107-g6118521029
 97127 | Zot:4    | Found a runed translucent door.
 97130 | Zot:4    | Noticed Osiadgh's ghost (legendary GnFi)
 97264 | Zot:4    | Killed Osiadgh's ghost
 97563 | Zot:4    | Received a gift from Yredelemnul (a ghoul)
 97924 | Zot:5    | Entered Level 5 of the Realm of Zot
 97936 | Zot:5    | Reached skill level 10 in Unarmed Combat
 98276 | Zot:5    | Reached skill level 20 in Invocations
 98298 | Zot:5    | Found Joubawn's Changing Room.
 98447 | Zot:5    | Bought a potion of mutation for 152 gold pieces
 98447 | Zot:5    | Bought a potion of mutation for 152 gold pieces
 98707 | Zot:5    | Lost mutation: One of your tentacles bears a spike. [potion
                  | of mutation]
 98707 | Zot:5    | Lost mutation: You occasionally shout uncontrollably at
                  | your foes. [potion of mutation]
 98707 | Zot:5    | Gained mutation: You are clumsy. (Dex -2) [potion of
                  | mutation]
 98707 | Zot:5    | Gained mutation: You are very clumsy. (Dex -4) [potion of
                  | mutation]
 98707 | Zot:5    | Gained mutation: You are partially covered in slimy green
                  | scales. (AC +2) [potion of mutation]
 98708 | Zot:5    | Lost mutation: You are weak. (Str -2) [potion of mutation]
 98708 | Zot:5    | Lost mutation: Your magical capacity is extremely low.
                  | (-30% MP) [potion of mutation]
 98708 | Zot:5    | Lost mutation: Your magical capacity is very low. (-20% MP)
                  | [potion of mutation]
 98708 | Zot:5    | Gained mutation: You are strong-willed. (Will+) [potion of
                  | mutation]
 98708 | Zot:5    | Gained mutation: Your spells are a little easier to cast,
                  | but a little less powerful. [potion of mutation]
 98708 | Zot:5    | Gained mutation: You passively map a small area around you.
                  | [potion of mutation]
 98768 | Zot:3    | Lost mutation: Your magical capacity is low. (-10% MP)
                  | [potion of mutation]
 98768 | Zot:3    | Lost mutation: You are very clumsy. (Dex -4) [potion of
                  | mutation]
 98768 | Zot:3    | Lost mutation: You are clumsy. (Dex -2) [potion of
                  | mutation]
 98768 | Zot:3    | Lost mutation: You often lose your temper in combat.
                  | [potion of mutation]
 98768 | Zot:3    | Gained mutation: You are resistant to electric shocks.
                  | (rElec) [potion of mutation]
 98769 | Zot:3    | Upgraded the game from 0.26-a0-1107-g6118521029 to
                  | 0.26-a0-1164-g1a551d6a14
 98769 | Zot:3    | Upgraded the game from 0.26-a0-1164-g1a551d6a14 to
                  | 0.27-a0-13-g87abb2d9eb
 98958 | Zot:5    | Noticed an ancient lich
 98967 | Zot:5    | Killed an ancient lich
 98989 | Zot:5    | Noticed an orb of fire
 99164 | Zot:5    | Noticed an orb of fire
 99180 | Zot:5    | Killed an orb of fire
 99181 | Zot:5    | Reached skill level 15 in Polearms
 99191 | Zot:5    | Gained mutation: Your magical capacity is low. (-10% MP)
                  | [an orb of fire]
 99198 | Zot:5    | Noticed an ancient lich
 99203 | Zot:5    | Killed an orb of fire
 99378 | Zot:5    | Killed an ancient lich
 99981 | Zot:5    | Received a gift from Yredelemnul (a bone dragon)
100202 | Zot:5    | Received a gift from Yredelemnul (a vampire knight)
100213 | Zot:5    | Reached skill level 15 in Transmutations
100466 | Zot:5    | Received a gift from Yredelemnul (a vampire knight)
100807 | Zot:5    | Got the Orb of Zot
100836 | Zot:5    | Noticed Ixkeekis the pandemonium lord
100942 | Depths:5 | Noticed Ostruj the pandemonium lord
101165 | D:9      | Noticed Luimenga the pandemonium lord
101192 | D:8      | Your ally Prince Ribbit died
101206 | D:8      | Noticed Ylink the pandemonium lord
101364 | D:1      | Noticed a seraph
101379 | D:1      | Killed a seraph
101407 | D:$      | Escaped with the Orb!

Illustrated notes

Levels and vault maps discovered:
D:1:      lightli_molten_gateway, layout_basic
D:2:      layout_basic, minmay_crystal_water
D:3:      layout_rooms, chequers_serial_rivers_micro_c, nicolae_ru_awakened_eye
D:4:      layout_basic, minmay_overflow_temple_star_quad,
          minmay_temple_entry_overgrown, chequers_arboretum
D:5:      layout_basic, ebering_ghost_sewer_d, goddamned_bats, uniq_eustachio
D:6:      layout_basic, basic_altar, minmay_misc_feat_columns
D:7:      layout_rooms
D:8:      layout_loops_ring, uniq_prince_ribbit1
D:9:      layout_loops_ring, grunt_temple_overflow_open, marbit_many_paths,
          minmay_misc_feat_five, uniq_gastronok
D:10:     layout_rooms, chequers_guarded_unrand_ignorance
D:11:     layout_basic, erik_lair_island
D:12:     layout_roguey, hiddenorc2_lemuel, serial_shops, shop_fountains,
          kennysheep_generic_room_2, uniq_rupert, uniq_urug
D:13:     layout_basic, hangedman_vaults_entry_quadrant_bands, serial_shops,
          shop
D:14:     layout_roguey, nicolae_tso_carved_into_rock, uniq_jorgrun,
          uniq_roxanne
D:15:     gammafunk_enter_depths_forms, layout_loops_cross, tgw_sif,
          st_stairs_7, minmay_misc_feat_square
Temple:   jpeg_temple_alley_garden
Lair:1:   layout_long_grid, enter_volcano_3, serial_bayou_crossing,
          grunt_megastairs_3
Lair:2:   layout_chaotic_city, spider_nest_entry_funnel_web,
          portal_ice_cave_entry_ice_beasts, minmay_lair_oklob_chamber,
          uniq_nergalle
Lair:3:   gammafunk_boulding_lane, layout_cave_pods, elwin_shoals_entry_stream,
          lemuel_fruit_fields
Lair:4:   layout_hall_layers, infiniplex_staircase_pool, grunt_megastairs_2
Lair:5:   layout_layer_cave
Lair:6:   wormcave, layout_regular_city, hangedman_lair_in_review,
          slime_altar_1, serial_bayou, serial_bayou_pond_b, serial_bayou_ford_a,
          serial_bayou_shore_b, serial_bayou_shore_b
Shoals:1: layout_shoals, nicolae_shoals_siren_and_animal_friends
Shoals:2: layout_shoals, argonaut_gorgonesque
Shoals:3: layout_shoals
Shoals:4: shoals_end_grunt_garden, layout_shoals, lemuel_altar_in_water2
Spider:1: layout_spider_delve, nicolae_spider_ant_collections
Spider:2: layout_spider_delve, gammafunk_ghost_tricky_traps,
          hangedman_spider_tarantella_strand
Spider:3: layout_chambers, special_room [special_room_bee]
Spider:4: floodkiller_spider_rune_tomb
Slime:1:  layout_caves
Slime:2:  layout_caves
Slime:3:  layout_caves
Slime:4:  layout_caves
Slime:5
Orc:1:    layout_diamond_mine, serial_shops, shop, uniq_harold
Orc:2:    st_orc_congregation, layout_diamond_mine, mines1_david
Elf:1:    eino_elf_arrival_shootout, layout_geoelf_octagon, basic_altar,
          minmay_elf_annihilation, uniq_azrael
Elf:2:    layout_geoelf_octagon, minivault_25_ag, minivault_25_ag
Elf:3:    minmay_elf_hall_four_x, layout_gridlike, uniq_bai_suzhen
Vaults:1: v_alt_pattern_4, minmay_guarded_unrand_guard_vaults,
          vaults_standard_mumra_enter_the_diamond, vaults_room_large_hall,
          vaults_mumra_hex, nicolae_vaults_specimen_jars,
          vaults_room_grunt_arrival_ludios, vaults_mumra_hexcomb,
          hangedman_vaults_impose, ontoclasm_vaults_pinch,
          vaults_room_door_ring, v_misc_15, vaults_room_semicircle,
          layout_vaults_maze_snakey
Vaults:2: kb_rosetta, minmay_crypt_entry_vampire_xt, vaults_room_fours,
          v_rooms_6, ontoclasm_vaults_shuriken, dpeg_vaults_monster_box,
          layout_vaults_omnigrid, uniq_mara
Vaults:3: grunt_vaults_twisty, ontoclasm_vaults_gateway, vaults_dpeg_cross,
          v_misc_14, nicolae_vaults_back_hallway, grunt_vaults_funnel,
          nicolae_vaults_ring_of_whatevers, nicolae_vaults_statue_guard,
          v_alt_pattern_6, vaults_dpeg_doors, v_misc_3,
          vaults_standard_mumra_lines, nicolae_vaults_alarming,
          nicolae_vaults_angled_halls, layout_vaults_omnicross, serial_shops,
          nicolae_shop_statue_plus
Vaults:4: vaults_standard_mumra_x, v_rooms_2, hangedman_vaults_snaps, v_misc_10,
          v_misc_30, hangedman_vaults_capsules, grunt_vaults_hallway_long,
          nicolae_vaults_ring_of_whatevers, layout_vaults_chaotic_city
Crypt:1:  layout_chaotic_city, grunt_crypt_arrival_webbed
Crypt:2:  layout_catacombs
Crypt:3:  evilmike_haunted_forest, uniq_saint_roka
Depths:1: kennysheep_blocky_hall, layout_gridlike, hell_entry,
          kennysheep_small_square, uniq_enchantress, uniq_sojobo, uniq_nikola
Depths:2: lemuel_flame_loot_2, layout_cave_pools, hell_entry,
          minmay_staircase_windowed_large
Depths:3: minmay_big_diamond_grid, layout_basic, rand_demon_pan_entry_3,
          pf_vacation_house_of_asmodeus, roderic_roman_lattice, door_vault,
          serial_bayou_shore_b
Depths:4: lemuel_traditional_vault, layout_cave_pools, pf_hell_entry_tar_river,
          hangedman_decor_lopped, abyss_entry_flame_altar,
          minmay_misc_feat_doors, statue_in_the_mist_lemuel,
          chequers_serial_rivers_micro_c
Depths:5: lemuel_castle_with_subvaults [lemuel_castle_interior_original],
          layout_cross, enter_ziggurat_a, evilmike_ruin_ashenzari,
          grunt_mini_vestibule, serial_bayou_shore_a
Hell
Zot:1:    lemuel_firehouse, layout_concentric_octagons
Zot:2:    layout_cathedral_of_symmetry, st_stairs_13, grunt_ministairs_13,
          hangedman_zot_wheel_spokes, st_small_dragon_hoard_5
Zot:3:    layout_basic
Zot:4:    layout_gridlike, ebering_ghost_reflecting_pool, grunt_ministairs_13,
          zot_minivault_7
Zot:5:    layout_onion, st_stairs_6, nicolae_transmutations_shop

Skill      XL: |  1  2  3  4  5  6  7  8  9 10 11 12 13 14 15 16 17 18 19 20 21 22 23 24 25 26 27 |
---------------+----------------------------------------------------------------------------------+-----
Poison Magic   | 4 5 6 8 9 10 11 13 14 15 | 15.6
Air Magic      | 1 2 3 4 5 6 7 |  7.0
Fighting       | 1 2 3 4 5 6 7 8 9 10 11 12 13 14 15 16 | 16.7
Stealth        | 3 4 5 6 7 8 9 10 11 13 | 13.3
Transmutations | 2 3 4 5 6 7 8 9 10 11 12 15 | 15.4
Dodging        | 3 4 5 6 7 8 9 10 11 12 13 14 15 18 | 18.0
Spellcasting   | 3 4 6 7 8 9 10 11 12 13 14 15 16 | 16.1
Short Blades   | 1 2 3 |  3.5
Invocations    | 1 2 3 4 5 6 7 8 9 10 11 13 14 15 16 17 18 20 | 20.1
Throwing       | 1 2 3 |  3.5
Conjurations   | 1 3 4 5 6 |  6.1
Fire Magic     | 1 2 4 5 |  5.0
Evocations     | 1 2 6 7 9 10 11 14 | 14.4
Shields        | 1 3 5 8 9 10 11 12 13 14 15 16 17 19 | 19.1
Summonings     | 1 3 4 5 7 9 |  9.2
Polearms       | 1 2 4 5 7 8 9 10 11 12 15 | 15.1
Translocations | 1 2 4 |  4.0
Hexes          | 1 4 |  4.0
Unarmed Combat | 14 | 14.5
Ice Magic      | |  0.3
Earth Magic    | |  0.7

Action                   |  1- 3 |  4- 6 |  7- 9 | 10-12 | 13-15 | 16-18 | 19-21 | 22-24 | 25-27 || total
-------------------------+-------+-------+-------+-------+-------+-------+-------+-------+-------++-------
Melee: Unarmed           |    14 |       |       |       |       |       |       |       |   779 ||   793
       Constrict         |     8 |    14 |    32 |    34 |    47 |    33 |    89 |    40 |   195 ||   492
       Tentacles         |     4 |     7 |    32 |    38 |    39 |    36 |    95 |   118 |   707 ||  1076
       Short sword       |    29 |    27 |       |       |       |       |       |       |       ||    56
       Dagger            |       |    11 |   149 |   188 |   139 |       |       |       |       ||   487
       Trident           |       |       |       |       |   130 |   307 |   602 |   578 |  2728 ||  4345
       Kick              |       |       |       |       |       |       |    71 |   175 |  1044 ||  1290
       Tailslap          |       |       |       |       |       |       |       |       |   167 ||   167
       Bite              |       |       |       |       |       |       |       |       |   119 ||   119
       Punch             |       |       |       |       |       |       |       |       |   102 ||   102
Throw: Stone             |     9 |       |       |       |       |       |       |       |       ||     9
       Dart              |       |     6 |    27 |    36 |    21 |     4 |     3 |     6 |     7 ||   110
       Boomerang         |       |       |    19 |    17 |     5 |       |       |       |       ||    41
       Javelin           |       |       |       |     1 |       |       |       |       |       ||     1
 Cast: Sting             |     8 |    11 |    12 |     2 |       |       |       |       |       ||    33
       Poisonous Vapours |    24 |    41 |    25 |    21 |     9 |       |       |       |       ||   120
       Mephitic Cloud    |       |     1 |     9 |    25 |    26 |    11 |     8 |     6 |     2 ||    88
       Olgreb's Toxic Ra |       |       |    31 |    50 |    98 |   107 |    96 |   100 |    41 ||   523
       Ignite Poison     |       |       |    12 |    56 |    94 |    82 |    78 |    82 |    22 ||   426
       Summon Lightning  |       |       |       |       |    28 |    35 |    31 |    64 |   182 ||   340
       Irradiate         |       |       |       |       |     1 |       |       |       |    34 ||    35
       Wereblood         |       |       |       |       |     1 |     4 |     3 |       |     3 ||    11
       Passwall          |       |       |       |       |       |     1 |       |       |     7 ||     8
       Blink             |       |       |       |       |       |     1 |     4 |    13 |    21 ||    39
       Summon Mana Viper |       |       |       |       |       |       |       |       |   104 ||   104
       Dragon Form       |       |       |       |       |       |       |       |       |    67 ||    67
       Ozocubu's Armour  |       |       |       |       |       |       |       |       |     2 ||     2
Invok: Animate Remains   |       |       |    25 |       |       |       |       |       |       ||    25
       Animate Dead      |       |       |     5 |    43 |    86 |    85 |   104 |    68 |   102 ||   493
       Recall Undead Sla |       |       |       |     6 |    17 |    26 |    27 |    25 |    39 ||   140
       Injury Mirror     |       |       |       |       |     1 |     2 |       |       |     1 ||     4
       Enslave Soul      |       |       |       |       |       |       |     1 |       |       ||     1
       Stop Recall       |       |       |       |       |       |       |     2 |     1 |       ||     3
       Drain Life        |       |       |       |       |       |       |     3 |       |    14 ||    17
 Abil: Breathe Fire      |       |       |       |       |       |       |       |       |     4 ||     4
       End Transformatio |       |       |       |       |       |       |       |       |     2 ||     2
Evoke: Wand              |       |       |       |     5 |    33 |     2 |       |     1 |    65 ||   106
       Tin of tremorston |       |       |       |       |     1 |       |       |       |     3 ||     4
       Condenser vane    |       |       |       |       |       |       |     1 |       |     1 ||     2
       Phial of floods   |       |       |       |       |       |       |     1 |       |     2 ||     3
       Box of beasts     |       |       |       |       |       |       |       |     1 |     3 ||     4
       Phantom mirror    |       |       |       |       |       |       |       |     1 |     3 ||     4
       Horn of Geryon    |       |       |       |       |       |       |       |       |     1 ||     1
  Use: Scroll            |     1 |     2 |    10 |     5 |    18 |    14 |     7 |     3 |    35 ||    95
       Potion            |       |       |       |       |     1 |     1 |     6 |       |    29 ||    37
 Stab: Sleeping          |     2 |     5 |    19 |     9 |    12 |    11 |    31 |    18 |    11 ||   118
       Distracted        |       |       |     5 |     1 |     3 |    10 |    17 |    39 |    80 ||   155
       Confused          |       |       |     1 |     2 |     1 |     1 |       |       |     1 ||     6
       Paralysed         |       |       |       |       |       |       |     3 |     3 |     1 ||     7
       Invisible         |       |       |       |       |       |       |       |       |     5 ||     5
Armor: Skin              |     2 |     5 |    11 |     4 |     6 |     9 |    15 |     6 |   383 ||   441
Dodge: Dodged            |    32 |    29 |   135 |   172 |   261 |   250 |   322 |   209 |  1849 ||  3259
Block: Buckler           |       |       |       |       |    42 |    68 |       |       |       ||   110
       Tower shield      |       |       |       |       |       |   113 |   573 |   369 |  2067 ||  3122
       Reflection        |       |       |       |       |       |    14 |    39 |    45 |    50 ||   148

Table legend: (Time is in decaauts)
 A = Elapsed time spent in this place.
 B = Non-inter-level travel time spent in this place.
 C = Inter-level travel time spent in this place.
 D = Time resting spent in this place.
 E = Time spent auto-exploring this place.
 F = Levels seen in this place.
 G = Mean time per level.
                   A        B        C        D        E       F      G
               +--------+--------+--------+--------+--------+-----+--------+
         Total | 100805 |  94569 |   6236 |  15420 |  48657 | 129 |  781.4 |
       Dungeon |  22465 |  20335 |   2130 |   1607 |  14977 |  15 | 1497.7 |
        Temple |    227 |    161 |     66 |      0 |    160 |   1 |  227.0 |
          Lair |   9789 |   8761 |   1028 |    784 |   6258 |   6 | 1631.5 |
        Shoals |   6319 |   6110 |    209 |   1319 |   3518 |   4 | 1579.8 |
   Spider Nest |   4243 |   4038 |    205 |    192 |   3024 |   4 | 1060.8 |
    Slime Pits |   1833 |   1743 |     90 |    608 |    411 |   5 |  366.6 |
  Orcish Mines |   2620 |   2312 |    308 |    515 |   1212 |   2 | 1310.0 |
   Elven Halls |   4610 |   4402 |    208 |    556 |   2867 |   3 | 1536.7 |
        Vaults |   7826 |   7392 |    434 |    721 |   5062 |   4 | 1956.5 |
         Crypt |   3938 |   3729 |    209 |    357 |   1831 |   3 | 1312.7 |
        Depths |  12565 |  11974 |    591 |   3904 |   4632 |   5 | 2513.0 |
          Hell |    762 |    737 |     25 |    168 |    245 |   1 |  762.0 |
           Zot |  11074 |  10344 |    730 |   3367 |   3720 |   5 | 2214.8 |
         Abyss |  10410 |  10410 |      0 |    448 |     35 |  64 |  162.7 |
      Ziggurat |    541 |    541 |      0 |    164 |    115 |   6 |   90.2 |
      Ice Cave |   1574 |   1574 |      0 |    710 |    590 |   1 | 1574.0 |
               +--------+--------+--------+--------+--------+-----+--------+

Top non-repeatable levels by time:
 Abyss:1: 8809 daAuts
   Zot:4: 3964 daAuts
Depths:5: 3771 daAuts
Depths:4: 3687 daAuts
    D:11: 2530 daAuts
  Lair:6: 2452 daAuts
    D:12: 2279 daAuts
Shoals:1: 2243 daAuts
   Zot:5: 2226 daAuts
Vaults:1: 2056 daAuts
Depths:3: 2053 daAuts
 Crypt:3: 2010 daAuts
  Lair:3: 2002 daAuts
   Elf:3: 1978 daAuts
Vaults:2: 1958 daAuts
